Workbook

Sheet 12-2017
B1: SND | D1: SNA | I1: STA | M1: TIP | N1: FONDERIE | O1: PHENICIA | P1: HEMP | R1: Z I | S1: ALPHA
B2: STB | C2: STB MEG | D2: BTK | E2: STB | F2: STB MEG | G2: EURO MEG | H2: $ MEG | I2: STB MEG | J2: STB TH | K2: EURO MEG | L2: $ MEG | M2: STB MEG | N2: STB | O2: STB | P2: STB | Q2: EURO MEG | R2: STB | S2: STB
A3: SOLDE au 19/12/2017 | B3: 4701.323 | C3: -262050.74 | D3: 21975.234 | E3: -18540.051 | F3: -3326600.9 | G3: 444352.27 | H3: 2124.54 | I3: -851597.13 | J3: 9124.939 | K3: 19102.45 | L3: 253976.7 | M3: 55786.269 | N3: 754039.89 | O3: 28847.457 | P3: -2358.639 | Q3: 26102.2 | R3: 3929.594 | S3: 38766.062
A4: EN COURS | B4: =SUM(B5:B7) -> 0 | C4: =SUM(C5:C7) -> 264945.84 | D4: =SUM(D5:D7) -> 0 | E4: =SUM(E5:E7) -> 30000 | F4: =SUM(F5:F7) -> 0 | G4: =SUM(G5:G7) -> 0 | H4: =SUM(H5:H7) -> 0 | I4: =SUM(I5:I7) -> 0 | ... P4: =SUM(P5:P7) -> 0 | Q4: =SUM(R5:R7) -> 0 | R4: =SUM(S5:S7) -> 0 | S4: =SUM(T5:T7) -> 0
A5: Cheque | C5: 26782.546 | E5: 30000
A6: Escompte | C6: =46486.894+87331.436+104344.962 -> 238163.29
A7: Virement
A8: Previsions | B8: =B9+B10+B11+B12+B13 -> 0 | C8: =C9+C10+C11+C12+C13 -> 1136314.4 | D8: =D9+D10+D12+D13+D20+D26 -> 0 | E8: =E9+E10+E11+E12+E13 -> 0 | F8: =+F9+F12+F14+F22+F24 -> 1600000 | G8: =G14+G15+G16+G17+G18+G20 -> 400000 | H8: =H14+H15+H16+H17+H18+H20 -> 0 | I8: =I9+I10+I12+I13+I20+I26+I23+I11 -> 527823.53 | J8: =J9+J10+J12+J13+J20+J26+J23 -> 0 | K8: =K9+K10+K12+K13+K20+K26 -> 105932.2 | L8: =L9+L10+L12+L13+L20+L26 -> 0 | M8: =M9+M10+M12+M13+M20+M26 -> 5000 | N8: =N9+N10+N12+N13+N20+N26 -> 0 | O8: =O9+O10+O12+O13+O20+O26 -> 0 | P8: =P9+P10+P12+P13+P20+P26 -> 10000 | Q8: =Q9+Q10+Q12+Q13+Q20+Q26 -> 0 | R8: =R9+R10+R12+R13+R20+R26 -> 0 | S8: =S9+S10+S12+S13+S20+S26 -> 0
A9: Cheque | C9: =CHEQUE!D302 -> 568745.44 | E9: =B55 -> 0 | F9: =C55 -> 1100000 | J9: =B53 -> 0 | M9: =E59+F59 -> 5000 | N9: =E57 -> 0 | P9: =F58 -> 10000
A10: Espece | C10: 70000
A11: AGENCE | C11: 250000
A12: Escompte | C12: =TRAITE!D74 -> 232568.94 | F12: 500000
A13: Virement | B13: 0 | C13: 15000 | D13: =SUM(D14:D18) -> 0 | E13: =SUM(E14:E26) -> 0 | F13: 0 | G13: =SUM(G14:G20) -> 400000 | H13: =SUM(H14:H20) -> 0 | I13: =SUM(I14:I26) -> 527823.53 | J13: =SUM(J14:J26) -> 0 | K13: =SUM(K14:K26) -> 105932.2 | L13: =SUM(L14:L18) -> 0 | M13: =SUM(M14:M18) -> 0 | N13: =SUM(N14:N18) -> 0 | O13: =SUM(O14:O18) -> 0 | P13: =SUM(P14:P18) -> 0 | R13: =SUM(R14:R18) -> 0 | S13: =SUM(S14:S18) -> 0
A14: Vente Devise | F14: =+G56*2.975+H56*2.51 -> 0 | I14: =C53 -> 65000 | K14: =+L56/1.18 -> 105932.2
A15: Maribat
A16: El Haramaine
A17: Med Energy | G17: 100000
A18: Errafik | G18: 300000
A19: ENERTECH
A20: Credit de gestion: FED
A21: CMT
A22: RESTETUTION TVA | I22: =296976.523+165847.012 -> 462823.53
A23: Dividendes
A24: BILLET DE TRESORERIE | F24: =+N61 -> 0
A25: AUGMENTATION CAPITAL
A26: MCNE
A27: Placement | F27: 500000
A28: CMT
A29: Depenses | B29: =B30+B45+B63 -> 4647.076 | C29: =C30+C45+C63 -> 1335465.5 | D29: =D30+D45+D63 -> 10907.228 | E29: =E30+E45+E63 -> 7900.037 | F29: =F30+F45+F63 -> 710044.15 | G29: =G30+G45+G63 -> #REF! | H29: =H30+H45+H63 -> 0 | I29: =I30+I45+I63 -> 173003.03 | ... S29: =S30+S45+S63 -> 0
A30: Import | B30: =SUM(B31:B44) -> 0 | D30: =SUM(D31:D44) -> 0 | E30: =SUM(E31:E44) -> 0 | F30: =SUM(F31:F44) -> 0 | G30: =SUM(G31:G44) -> #REF! | H30: =SUM(H31:H44) -> 0 | I30: =SUM(I31:I44) -> 0 | J30: =SUM(J31:J44) -> 0 | K30: =SUM(K31:K44) -> 0 | ... P30: =SUM(P31:P44) -> 0 | R30: =SUM(R31:R44) -> 0 | S30: =SUM(S31:S44) -> 0
A31: STCM | G31: =etranger!#REF!+etranger!#REF! -> #REF! | K31: =+etranger!C11 -> 0
A32: Metaconcept
A33: Biasin
A34: Daramic
A35: Metalliance
A36: Sorfin
A37: Goonvean
A38: Accuma | G38: =etranger!#REF!+etranger!#REF!+etranger!#REF!+etranger!#REF!+etranger!#REF!+etranger!C22+etranger!C23+etranger!C24+etranger!C25 -> #REF! | K38: =etranger!C8 -> 0
A39: Akumsan
A40: CEMT | G40: =+etranger!C68/1.18 -> 0
A41: Sovema | G41: =etranger!C58 -> 287
A42: Glatfelter
A43: MECONDOR
A44: HEMPE
A45: Local | B45: =SUM(B46:B61) -> 4647.076 | C45: =SUM(C46:C61) -> 1335465.5 | D45: =SUM(D46:D60) -> 0 | E45: =SUM(E46:E62) -> 7900.037 | F45: =SUM(F46:F60) -> 582662.66 | G45: =SUM(G46:G60) -> 0 | H45: =SUM(H46:H60) -> 0 | I45: =SUM(I46:I60) -> 123298.85 | J45: =SUM(J46:J61) -> 4758.51 | K45: =SUM(K46:K60) -> 0 | L45: =SUM(L46:L60) -> 125000 | M45: =SUM(M46:M60) -> 60000 | N45: =SUM(N46:N62) -> 2375 | O45: =SUM(O46:O62) -> 0 | P45: =SUM(P46:P62) -> 5000 | Q45: =SUM(Q46:Q62) -> 0 | R45: =SUM(R46:R62) -> 0 | S45: =SUM(S46:S62) -> 0
A46: Recette des Finances | C46: =30000 -> 30000 | F46: =100000 -> 100000 | I46: =25000 -> 25000 | M46: =2000 -> 2000 | N46: =475 -> 475 | P46: =1000 -> 1000
A47: Salaires | C47: 30000 | F47: 95000 | I47: 47000 | M47: 8000 | N47: 1900 | P47: 4000
A48: CNSS
A49: Steg | F49: 110000 | I49: 30000
A50: Leasing | B50: 4647.076 | C50: 5465.488 | E50: 2900.037 | F50: 4830.993 | I50: 1298.846 | J50: 4758.51
A51: Plomb local | F51: =SOTRAM!J23+SOTRAM!J24+HAZEM!I14+'KAIS TAYACHI'!M84 -> 162831.67
A52: Traite STA | C52: 25000
A53: STA | C53: 65000
A54: Traite SNA | C54: 50000
A55: SNA | C55: 1100000
A56: VENTE DEVISE | L56: 125000
A57: Fonderie
A58: NOUR HEMP | F58: 10000
A59: TIP | E59: 5000
A60: Fournisseurs | C60: 30000 | F60: 100000 | I60: 20000 | M60: 50000
A61: CCA | N61: 0
A62: Dividendes
A63: Engagement Banque | B63: =SUM(B64:B65) -> 0 | C63: =SUM(C64:C65) -> 0 | D63: =SUM(D64:D65) -> 10907.228 | E63: =SUM(E64:E65) -> 0 | F63: =SUM(F64:F65) -> 127381.48 | G63: =SUM(G64:G65) -> 199857.91 | H63: =SUM(H64:H65) -> 0 | I63: =SUM(I64:I65) -> 49704.183 | ... P63: =SUM(P64:P65) -> 0 | R63: =SUM(R64:R65) -> 0 | S63: =SUM(S64:S65) -> 0
A64: CMT | D64: =+CMT!G68 -> 10907.228 | F64: =+CMT!G62+CMT!G63+CMT!G64+CMT!G65+CMT!G66+CMT!G67 -> 127381.48 | I64: =CMT!G17+CMT!G18 -> 49704.183
A65: FED | G65: =+FED!C10 -> 199857.91 | L65: =FED!C7*1.19 -> 128578.69
A66: Solde au 31/12/2017 | B66: =B3+B4+B8-B29 -> 54.247 | C66: =C3+C4+C8-C29 -> -196256.01 | D66: =D3+D4+D8-D29 -> 11068.006 | E66: =E3+E4+E8-E29 -> 3559.912 | F66: =F3+F4+F8-F29 -> -2436645.1 | G66: =G3+G4+G8-G29 -> #REF! | H66: =H3+H4+H8-H29 -> 2124.54 | I66: =I3+I4+I8-I29 -> -496776.62 | ... S66: =S3+S4+S8-S29 -> 38766.062
A67: Autorisation | B67: 0 | C67: -200000 | D67: 0 | E67: 0 | F67: -2000000 | G67: 0 | H67: 0 | I67: -420000 | J67: 0 | K67: 0 | L67: 0 | M67: 0 | N67: 0 | O67: 0 | P67: 0 | Q67: 0 | R67: 0 | S67: 0
C69: =C67-C66 -> -3743.989 | F69: =F67-F66 -> 436645.06 | I69: =I67-I66 -> 76776.624

Sheet etranger
A1: =TODAY() -> 43592
A2: TAUX EURO/TND | C2: 43100 | D2: 2.9478
A3: TAUX USD/TND | C3: 43100 | D3: 2.4839
A4: TAUX GBP/TND | C4: 43100 | D4: 3.3113
A5: TAUX CNY/TND | C5: 43100 | D5: 0.376
A6: S T A
A7: FOURNISSEUR | B7: MONNAIE | C7: MONT DEV. | D7: MONT DT | E7: DATE FACTURE | F7: ECHEANCE
A9: TOTAL | C9: =SUM(C8:C8) -> 0
A12: TOTAL | C12: =SUM(C11:C11) -> 0
A15: TOTAL | C15: =SUM(C14:C14) -> 0
A18: TOTAL | C18: =SUM(C17:C17) -> 0
A20: S N A
A21: FOURNISSEUR | B21: MONNAIE | C21: MONT DEV. | D21: MONT DT | E21: DATE FACTURE | F21: ECHEANCE
A22: ACCUMA 38 | B22: EUR | C22: 16605.36 | D22: =C22*$D$2 -> 48949.28 | E22: 43005 | F22: =E22+60 -> 43065
A23: ACCUMA 39 | B23: EUR | C23: 13607.38 | D23: =C23*$D$2 -> 40111.835 | E23: 43005 | F23: =E23+60 -> 43065
A24: ACCUMA 40 | B24: EUR | C24: 8986.47 | D24: =C24*$D$2 -> 26490.316 | E24: 43005 | F24: =E24+60 -> 43065
A25: ACCUMA 41 | B25: EUR | C25: 17217.37 | D25: =C25*$D$2 -> 50753.363 | E25: 43005 | F25: =E25+60 -> 43065
A26: ACCUMA 42 | B26: EUR | C26: 13027.18 | D26: =C26*D2 -> 38401.521 | E26: 43014 | F26: =E26+60 -> 43074
A27: ACCUMA 43 | B27: EUR | C27: 10909.14 | D27: =C27*D2 -> 32157.963 | E27: 43014 | F27: =E27+60 -> 43074
A28: ACCUMA 44 | B28: EUR | C28: 11962.13 | D28: =+C28*D2 -> 35261.967 | E28: 43020 | F28: =E28+60 -> 43080
A29: ACCUMA 45 | B29: EUR | C29: 17967.63 | D29: =+C29*D2 -> 52964.98 | E29: 43028 | F29: =E29+60 -> 43088
A30: ACCUMA 46 | B30: EUR | C30: 15561.37 | D30: =+C30*D2 -> 45871.806 | E30: 43031 | F30: =E30+60 -> 43091
A31: ACCUMA 47 | B31: EUR | C31: 13138.24 | D31: =+C31*$D$2 -> 38728.904 | E31: 43035 | F31: =E31+60 -> 43095
A32: ACCUMA 48 | B32: EUR | C32: 22136.18 | D32: =+C32*$D$2 -> 65253.031 | E32: 43047 | F32: =E32+60 -> 43107
A33: ACCUMA 49 | B33: EUR | C33: 13272.49 | D33: =+C33*$D$2 -> 39124.646 | E33: 43047 | F33: =E33+60 -> 43107
A34: ACCUMA 50 | B34: EUR | C34: 15404.41 | D34: =+C34*$D$2 -> 45409.12 | E34: 43048 | F34: =E34+60 -> 43108
A35: ACCUMA 51 | B35: EUR | C35: 12240.28 | D35: =+C35*$D$2 -> 36081.897 | E35: 43054 | F35: =E35+60 -> 43114
A36: ACCUMA 52 | B36: EUR | C36: 13390.78 | D36: =+C36*$D$2 -> 39473.341 | E36: 43054 | F36: =E36+60 -> 43114
A37: ACCUMA 53 | B37: EUR | C37: 14048.89 | D37: =+C37*$D$2 -> 41413.318 | E37: 43063 | F37: =E37+60 -> 43123
A38: ACCUMA 54 | B38: EUR | C38: 11713.63 | D38: =+C38*$D$2 -> 34529.439 | E38: 43067 | F38: =E38+60 -> 43127
A39: ACCUMA 55 | B39: EUR | C39: 16314.43 | D39: =+C39*$D$2 -> 48091.677 | E39: 43084 | F39: =E39+60 -> 43144
A40: ACCUMA 56 | B40: EUR | C40: 17249.23 | D40: =+C40*$D$2 -> 50847.28 | E40: 43088 | F40: =E40+60 -> 43148
A41: ACCUMA 01 | B41: EUR | C41: 15648.37 | D41: =+C41*$D$2 -> 46128.265 | E41: 43097 | F41: =E41+60 -> 43157
A42: ACCUMA 02 | B42: EUR | C42: 11836.94 | D42: =+C42*$D$2 -> 34892.932 | E42: 43109 | F42: =E42+60 -> 43169
... A46: ACCUMA 06 | B46: EUR | C46: 17562.04 | D46: =+C46*$D$2 -> 51769.382 | E46: 43116 | F46: =E46+60 -> 43176
A49: TOTAL | C49: =SUM(C22:C48) -> 357829.88
A51: DARAMIC | B51: EUR | C51: 47512.84 | D51: =+C51*D2 -> 140058.35 | E51: 43055 | F51: =+E51+90 -> 43145
A52: DARAMIC | B52: EUR | C52: 46793.72 | D52: =+C52*D2 -> 137938.53 | E52: 43098 | F52: =+E52+90 -> 43188
A53: TOTAL | C53: =SUM(C51:C52) -> 94306.56
A55: SORFIN | B55: GBP | C55: 35667 | D55: =+C55*D4 -> 118104.14
A56: TOTAL | C56: =SUM(C55) -> 35667
A58: SOVEMA 6 | B58: EUR | C58: 287 | D58: =+C58*D2 -> 846.0186
A60: TOTAL | C60: =SUM(C58:C59) -> 287
A62: STCM 1 | B62: EUR | C62: 167080.07 | D62: =+C62*D2 -> 492518.63 | E62: 75 TO
A64: TOTAL | C64: =SUM(C62:C63) -> 167080.07
A66: CEMT | B66: CNY | C66: 9671000 | D66: =+C66*D5 -> 3636296 | E66: 0.9 | F66: 43054
E67: 0.1 | F67: 43221
A69: TOTAL | C69: =SUM(C66:C68) -> 9671000
A71: HEMPE | B71: EUR | C71: 335000 | D71: =+C71*D2 -> 987513 | E71: REGLEMENT | F71: 40000
A72: HEMPE | B72: EUR | C72: =65000 -> 65000 | E72: 42895 | F72: 71000
A73: HEMPE | B73: EUR | C73: =14477.06+837.73 -> 15314.79 | E73: 42998 | F73: 15000
E74: 43010 | F74: 16000
E75: 43017 | F75: 25000
E76: TOTAL EXPORT | F76: =EXPORT!B146 -> 232873.26
A78: TOTAL | C78: =SUM(C71:C77) -> 415314.79
A82: TOTAL | C82: =SUM(C80:C81) -> 0

Sheet CMT
B1: STA-NOUR
B2: ECHEANCIER 2017
B4: Crédit | D4: Échéance | E4: Principal | F4: Intérêt | G4: Total | H4: PP | I4: INT
B5: STB TH | C5: 87200 | D5: 42916 | E5: 6228.571 | F5: 409.356 | G5: =SUM(E5:F5) -> 6637.927
B6: Total 06/2017 | E6: =SUM(E1:E5) -> 6228.571 | F6: =SUM(F1:F5) -> 409.356 | G6: =SUM(E6:F6) -> 6637.927
B7: STB MEG | C7: 400000 | D7: 42947 | E7: 41341.207 | F7: 823.448 | G7: =SUM(E7:F7) -> 42164.655
B8: Total 07/2017 | E8: =SUM(E7) -> 41341.207 | F8: =SUM(F7) -> 823.448 | G8: =SUM(G7) -> 42164.655
B9: STB MEG | C9: 400000 | D9: 42978 | E9: 41341.207 | F9: 1047.368 | G9: =SUM(E9:F9) -> 42388.575
B10: Total 08/2017 | E10: =SUM(E9:E9) -> 41341.207 | F10: =SUM(F9:F9) -> 1047.368 | G10: =SUM(G9:G9) -> 42388.575
B11: STB MEG | C11: 400000 | D11: 43008 | E11: 41341.207 | F11: 1264.065 | G11: =SUM(E11:F11) -> 42605.272
B12: Total 09/2017 | E12: =SUM(E11:E11) -> 41341.207 | F12: =SUM(F11:F11) -> 1264.065 | G12: =SUM(G11:G11) -> 42605.272
B13: STB MEG | C13: 400000 | D13: 43039 | E13: 41341.207 | F13: 1487.985 | G13: =SUM(E13:F13) -> 42829.192
B14: Total 10/2017 | E14: =SUM(E13:E13) -> 41341.207 | F14: =SUM(F13:F13) -> 1487.985 | G14: =SUM(G13:G13) -> 42829.192
B15: STB MEG | C15: 400000 | D15: 43069 | E15: 41341.207 | F15: 1704.682 | G15: =SUM(E15:F15) -> 43045.889
B16: Total 11/2017 | E16: =SUM(E15:E15) -> 41341.207 | F16: =SUM(F15:F15) -> 1704.682 | G16: =SUM(G15:G15) -> 43045.889
B17: STB TH | C17: 87200 | D17: 43100 | E17: 6228.571 | F17: 205.803 | G17: =SUM(E17:F17) -> 6434.374 | H17: REGLEMENT FINAL
B18: STB MEG | C18: 400000 | D18: 43100 | E18: 41341.207 | F18: 1928.602 | G18: =SUM(E18:F18) -> 43269.809
B19: Total 12/2017 | E19: =SUM(E17:E18) -> 47569.778 | F19: =SUM(F17:F18) -> 2134.405 | G19: =SUM(G17:G18) -> 49704.183
B21: TOTAL 2017 | E21: =E6+E8+E10+E12+E14+E16+E19 -> 260504.38 | F21: =F6+F8+F10+F12+F14+F16+F19 -> 8871.309 | G21: =G6+G8+G10+G12+G14+G16+G19 -> 269375.69
B23: SNA-NOUR
B24: ECHEANCIER 2017
B26: Crédit | D26: Échéance | E26: Principal | F26: Intérêt | G26: Total | H26: PP | I26: INT
B27: BTK | C27: 1488000 | D27: 42761 | E27: 106285.71 | F27: 15618.095 | G27: =SUM(E27:F27) -> 121903.81
B28: STB TH | C28: 2418000 | D28: 42761 | E28: 172714.29 | F28: 24275.952 | G28: =SUM(E28:F28) -> 196990.24
B29: Total 01/2017 | E29: =SUM(E27:E28) -> 279000 | F29: =SUM(F27:F28) -> 39894.047 | G29: =SUM(E29:F29) -> 318894.05
B30: STUSID | C30: 800000 | D30: 42791 | E30: 28571.429 | F30: 1665 | G30: =SUM(E30:F30) -> 30236.429
B31: Total 02/2017 | E31: =SUM(E30) -> 28571.429 | F31: =SUM(F30) -> 1665 | G31: =SUM(E31:F31) -> 30236.429
B32: STB TH | C32: 500000 | D32: 42825 | F32: 8100 | G32: =SUM(E32:F32) -> 8100
B33: STB TH | C33: 1150000 | D33: 42825 | F33: 18658.75 | G33: =SUM(E33:F33) -> 18658.75
B34: STB TH | C34: 1000000 | D34: 42825 | F34: 16175 | G34: =SUM(E34:F34) -> 16175
B35: STB TH | C35: 1000000 | D35: 42825 | E35: 0 | F35: 3755.357 | G35: =SUM(E35:F35) -> 3755.357
B36: STB TH | C36: 350000 | D36: 42825 | F36: 1907.5 | G36: =SUM(E36:F36) -> 1907.5
B37: BTK | C37: 300000 | D37: 42825 | E37: 10714 | F37: 724.401 | G37: =SUM(E37:F37) -> 11438.401
B38: Total 03/2017 | E38: =SUM(E32:E37) -> 10714 | F38: =SUM(F32:F37) -> 49321.008 | G38: =SUM(E38:F38) -> 60035.008
B39: STUSID | C39: 800000 | D39: 42880 | E39: 28571.429 | F39: 1110 | G39: =SUM(E39:F39) -> 29681.429
B40: Total 05/2017 | E40: =SUM(E39) -> 28571.429 | F40: =SUM(F39) -> 1110 | G40: =SUM(E40:F40) -> 29681.429
B41: STB TH | C41: 500000 | D41: 42916 | E41: 0 | F41: 8190 | G41: =SUM(E41:F41) -> 8190
B42: STB TH | C42: 1150000 | D42: 42916 | E42: 0 | F42: 18866.069 | G42: =SUM(E42:F42) -> 18866.069
B43: STB TH | C43: 1000000 | D43: 42916 | E43: 0 | F43: 16354.722 | G43: =SUM(E43:F43) -> 16354.722
B44: STB TH | C44: 1000000 | D44: 42916 | E44: 71428.571 | F44: 3797.083 | G44: =SUM(E44:F44) -> 75225.654
B45: STB TH | C45: 350000 | D45: 42916 | E45: 0 | F45: 5786.083 | G45: =SUM(E45:F45) -> 5786.083
B46: STB TH | C46: 500000 | D46: 42916 | E46: 0 | F46: 4995 | G46: =SUM(E46:F46) -> 4995
B47: BTK | C47: 300000 | D47: 42916 | E47: 10714 | F47: 549.372 | G47: =SUM(E47:F47) -> 11263.372
B48: Total 06/2017 | E48: =SUM(E41:E47) -> 82142.571 | F48: =SUM(F41:F47) -> 58538.33 | G48: =SUM(E48:F48) -> 140680.9
B49: BTK | C49: 1488000 | D49: 42942 | E49: 106285.71 | F49: 12290.762 | G49: =SUM(E49:F49) -> 118576.48
B50: STB TH | C50: 2418000 | D50: 42942 | E50: 172714.29 | F50: 19104.119 | G50: =SUM(E50:F50) -> 191818.4
B51: Total 07/2017 | E51: =SUM(E49:E50) -> 279000 | F51: =SUM(F49:F50) -> 31394.881 | G51: =SUM(E51:F51) -> 310394.88
B52: STUSID | C52: 800000 | D52: 42972 | E52: 28571.417 | F52: 555 | G52: =SUM(E52:F52) -> 29126.417 | H52: REGLEMENT FINAL
B53: Total 08/2017 | E53: =SUM(E52) -> 28571.417 | F53: =SUM(F52) -> 555 | G53: =SUM(E53:F53) -> 29126.417
B54: STB TH | C54: 500000 | D54: 43008 | E54: 41666.667 | F54: 8280 | G54: =SUM(E54:F54) -> 49946.667
B55: STB TH | C55: 1150000 | D55: 43008 | E55: 95833.333 | F55: 19073.389 | G55: =SUM(E55:F55) -> 114906.72
B56: STB TH | C56: 1000000 | D56: 43008 | E56: 83333.333 | F56: 16534.444 | G56: =SUM(E56:F56) -> 99867.778
B57: STB TH | C57: 1000000 | D57: 43008 | E57: 0 | F57: 2559.206 | G57: =SUM(E57:F57) -> 2559.206
B58: STB TH | C58: 350000 | D58: 43008 | E58: 29166.667 | F58: 5849.667 | G58: =SUM(E58:F58) -> 35016.334
B59: STB TH | C59: 500000 | D59: 43008 | E59: 41666.667 | F59: 8510 | G59: =SUM(E59:F59) -> 50176.667
B60: BTK | C60: 300000 | D60: 43008 | E60: 10714 | F60: 370.318 | G60: =SUM(E60:F60) -> 11084.318
B61: Total 09/2017 | E61: =SUM(E54:E60) -> 302380.67 | F61: =SUM(F54:F60) -> 61177.024 | G61: =SUM(E61:F61) -> 363557.69
B62: STB TH | C62: 500000 | D62: 43100 | E62: 0 | F62: 7590 | G62: =SUM(E62:F62) -> 7590
B63: STB TH | C63: 1150000 | D63: 43100 | E63: 0 | F63: 17483.94 | G63: =SUM(E63:F63) -> 17483.94
B64: STB TH | C64: 1000000 | D64: 43100 | E64: 0 | F64: 15156.574 | G64: =SUM(E64:F64) -> 15156.574
B65: STB TH | C65: 1000000 | D65: 43100 | E65: 71428.571 | F65: 2559.206 | G65: =SUM(E65:F65) -> 73987.777
B66: STB TH | C66: 350000 | D66: 43100 | E66: 0 | F66: 5362.194 | G66: =SUM(E66:F66) -> 5362.194
B67: STB TH | C67: 500000 | D67: 43100 | E67: 0 | F67: 7801 | G67: =SUM(E67:F67) -> 7801
B68: BTK | C68: 300000 | D68: 43100 | E68: 10722 | F68: 185.228 | G68: =SUM(E68:F68) -> 10907.228 | H68: REGLEMENT FINAL
B69: Total 12/2017 | E69: =SUM(E62:E68) -> 82150.571 | F69: =SUM(F62:F68) -> 56138.142 | G69: =SUM(E69:F69) -> 138288.71
B71: TOTAL 2017 | E71: =+E69+E61+E53+E51+E48+E40+E38+E31+E29 -> 1121102.1 | F71: =+F69+F61+F53+F51+F48+F40+F38+F31+F29 -> 299793.43 | G71: =+G69+G61+G53+G51+G48+G40+G38+G31+G29 -> 1420895.5

Sheet EXPORT
A2: CLIENT | B2: Facture | H2: MCNE | K2: REGLEMENT | M2: DIFFERENCE
B3: Numéro | C3: Date | D3: DEV | E3: MONTANT | F3: TND | G3: Échéance | H3: Montant | I3: DATE MEP | J3: ECHEANCE | K3: Montant | L3: Date
A4: MARIBAT | B4: EX150015 | C4: 42338 | D4: USD | E4: 185713.44 | F4: =+E4*2.0433 -> 379468.27 | G4: 42459 | H4: 305000 | J4: =+C4+90 -> 42428 | K4: =90414.1+83300*1.12825 -> 184397.33 | M4: =E4-K4 -> 1316.115
A5: EL HARAMAINE | B5: EX160002 | C5: 42389 | D5: USD | E5: 57547.5 | F5: =E5*2.0365 -> 117195.48 | G5: 42479 | K5: 57547.5 | M5: =E5-K5 -> 0
A6: MED ENERGY | B6: EX160003 | C6: 42394 | D6: USD | E6: 61973.64 | F6: =E6*2.03285 -> 125983.11 | G6: 42484 | K6: 61973.64 | M6: =E6-K6 -> 0
A7: MED ENERGY | B7: EX160004 | C7: 42422 | D7: USD | E7: 31260.71 | F7: =+E7*2.0168 -> 63046.6 | G7: =+C7+90 -> 42512 | K7: 31182.71 | M7: =E7-K7 -> 78
A8: MARIBAT | B8: EX160005 | C8: 42432 | D8: USD | E8: 97110.5 | F8: =E8*2.02425 -> 196575.93 | G8: 42567 | K8: =12997+84054 -> 97051 | M8: =E8-K8 -> 59.5
A9: MED ENERGY | B9: EX160006 | C9: 42445 | D9: USD | E9: 17500.78 | F9: =+E9*2.01395 -> 35245.696 | G9: =C9+90 -> 42535 | K9: 17437.78 | M9: =E9-K9 -> 63
A10: MARIBAT | B10: EX160007 | C10: 42461 | D10: USD | E10: 15887.8 | F10: =E10*1.98505 -> 31538.077 | G10: 42585 | K10: =2196.38+13625 -> 15821.38 | M10: =E10-K10 -> 66.42
A11: MED ENERGY | B11: EX160008 | C11: 42495 | D11: USD | E11: 13784.67 | F11: =+E11*1.98675 -> 27386.693 | G11: =+C11+90 -> 42585 | K11: 13719.17 | M11: =E11-K11 -> 65.5
A12: MED ENERGY | B12: EX160009 | C12: 42495 | D12: EUR | E12: 58790.64 | F12: =+E12*2.2687 -> 133378.32 | G12: =+C12+90 -> 42585 | K12: =46740.64+11960 -> 58700.64 | M12: =E12-K12 -> 90
A13: MARIBAT | B13: EX160010 | C13: 42506 | D13: USD | E13: 38827.5 | F13: =+E13*2.0226 -> 78532.502 | G13: 42630 | K13: =5188.54+33549.74 -> 38738.28 | M13: =E13-K13 -> 89.22
A14: MARIBAT | B14: EX160011 | C14: 42542 | D14: USD | E14: 37074 | F14: =+E14*2.14625 -> 79570.073 | G14: 42669 | K14: =13578+5163.9+18217.5 -> 36959.4 | M14: =E14-K14 -> 114.6
A15: MARIBAT | B15: EX160012 | C15: 42542 | D15: USD | E15: 3480 | F15: =+E15*2.14625 -> 7468.95 | G15: 42669 | K15: 3455 | M15: =E15-K15 -> 25
A16: ERRAFIK | B16: EX160014 | C16: 42695 | D16: EUR | E16: 284382.2 | F16: =+E16*2.42505 -> 689641.05 | G16: =+C16+60 -> 42755 | K16: =49950+100950+101950+31500 -> 284350 | M16: =E16-K16 -> 32.2
A17: ERRAFIK | B17: EX160015 | C17: 42704 | D17: EUR | E17: 187097.52 | F17: =+E17*2.42625 -> 453945.36 | G17: =+C17+60 -> 42764 | K17: =102950-31500+103950+11480 -> 186880 | M17: =E17-K17 -> 217.52
A18: MARIBAT | B18: EX170001 | C18: 42765 | D18: USD | E18: 73064.4 | F18: =+E18*2.26605 -> 165567.58 | G18: =+C18+120 -> 42885 | K18: =10173.28+62770 -> 72943.28 | M18: =+E18-K18 -> 121.12
A19: ENERTECH | B19: EX170002 | C19: 42780 | D19: EUR | E19: 17555.59 | F19: =+E19*2.4179 -> 42447.661 | G19: =+C19 -> 42780 | K19: 17555.59 | M19: =+E19-K19 -> 0
A20: MARIBAT | B20: EX170003 | C20: 42781 | D20: USD | E20: 17856 | F20: =+E20*2.272 -> 40568.832 | G20: =+C20+120 -> 42901 | K20: =2549.2+15270 -> 17819.2 | M20: =+E20-K20 -> 36.8
A21: MARIBAT | B21: EX170004 | C21: 42844 | D21: USD | E21: 35287.2 | F21: =+E21*2.31555 -> 81709.276 | G21: =+C21+120 -> 42964 | K21: =5062.04+30100 -> 35162.04 | M21: =+E21-K21 -> 125.16
A22: MARIBAT | B22: EX170005 | C22: 42864 | D22: USD | E22: 73647 | F22: =+E22*2.39905 -> 176682.84 | G22: =+C22+120 -> 42984 | K22: =10380.8+63196.5 -> 73577.3 | M22: =+E22-K22 -> 69.7
A23: MARIBAT | B23: EX170006 | C23: 42888 | D23: USD | E23: 44179.99 | F23: =+E23*2.42865 -> 107297.73 | G23: =+C23+120 -> 43008 | K23: =4855.4+39173.04 -> 44028.44 | M23: =+E23-K23 -> 151.55
A24: MARIBAT | B24: EX170007 | C24: 42928 | D24: USD | E24: 92625.75 | F24: =+E24*2.4274 -> 224839.75 | G24: =+C24+120 -> 43048 | K24: =12804.1+79661.5 -> 92465.6 | M24: =+E24-K24 -> 160.15
A25: ENERTECH | B25: EX170008 | C25: 42998 | D25: EUR | E25: 17117.85 | F25: =+E25*2.9097 -> 49807.808 | G25: =+C25+120 -> 43118 | K25: 17117.85 | M25: =+E25-K25 -> 0
A26: MARIBAT | B26: EX170009 | C26: 43054 | D26: USD | E26: 71193.6 | F26: =+E26*2.4747 -> 176182.8 | G26: =+C26+120 -> 43174 | M26: =+E26-K26 -> 71193.6
A27: ENERTECH | B27: EX170010 | C27: 43073 | D27: EUR | E27: 16991.82 | F27: =+E27*2.9231 -> 49668.789 | G27: =+C27+0 -> 43073 | K27: 16991.82 | M27: =+E27-K27 -> 0
A28: MARIBAT | B28: EX170011 | C28: 43084 | D28: USD | E28: 72028.8 | F28: =+E28*2.4744 -> 178228.06 | G28: =+C28+120 -> 43204 | M28: =+E28-K28 -> 72028.8
A31: CLIENT | B31: Facture | H31: MCNE | K31: REGLEMENT | M31: DIFFERENCE
B32: Numéro | C32: Date | D32: DEV | E32: MONTANT | F32: TND | G32: Échéance | H32: Montant | I32: DATE MEP | J32: ECHEANCE | K32: Montant | L32: Date
A33: MARIBAT | B33: FN110017 | C33: 40680 | D33: EUR | E33: 5190.95 | F33: =+E33*1.95835 -> 10165.697 | G33: =+C33+90 -> 40770 | M33: =+E33-K33 -> 5190.95
A34: MARIBAT | B34: FN150083 | C34: 42356 | D34: USD | E34: 217912.86 | F34: =E34*2.01185 -> 438407.99 | G34: 42485 | K34: =113564.6+104348.26 -> 217912.86 | M34: =E34-K34 -> 0
A35: ERRAFIK | B35: FN150084 | C35: 42359 | D35: EUR | E35: 694484.64 | F35: =E35*2.19375 -> 1523525.7 | G35: 42456 | K35: =49960-39400+88520+100950+99945+49934.5+99924.5+24900+24960+49900+29960+29982+34949.5+21960+28000 -> 694445.5 | M35: =E35-K35 -> 39.14
A36: MARIBAT | B36: FN150085 | C36: 42363 | D36: EUR | E36: 2590.8 | F36: =+E36*2.19995 -> 5699.6305 | G36: 42485 | K36: 2783.74 | M36: =E36-K36 -> -192.94
A37: MED ENERGY | B37: FN160001 | C37: 42388 | D37: EUR | E37: 70769.15 | F37: =E37*2.21425 -> 156700.59 | G37: 42478 | K37: =20719.15+24950+24950 -> 70619.15 | M37: =E37-K37 -> 150
A38: MARIBAT | B38: FN160002 | C38: 42394 | D38: USD | E38: 120772.23 | F38: =+E38*2.0293 -> 245083.09 | G38: 42522 | K38: =61633.4-K39+60440.56 -> 120729.96 | M38: =E38-K38 -> 42.27
A39: MARIBAT | B39: FN160003 | C39: 42396 | D39: USD | E39: 1344 | F39: =+E39*2.0293 -> 2727.3792 | G39: 42522 | K39: 1344 | M39: =E39-K39 -> 0
A40: ERRAFIK | B40: FN160007 | C40: 42405 | D40: EUR | E40: 354482.12 | F40: =E40*2.232 -> 791204.09 | G40: 42502 | K40: =54480+50000+100000+100000+5000+40000+5002.12 -> 354482.12 | M40: =E40-K40 -> 0
A41: MARIBAT | B41: FN160008 | C41: 42412 | D41: USD | E41: 110497.38 | F41: =E41*2.00195 -> 221210.23 | G41: 42543 | K41: =58678.54-3945.6+55714.44 -> 110447.38 | M41: =E41-K41 -> 50
A42: MED ENERGY | B42: FN160009 | C42: 42412 | D42: EUR | E42: 52613.6 | F42: =E42*2.24105 -> 117909.71 | G42: 42502 | K42: 52563.6 | M42: =E42-K42 -> 50
A43: MARIBAT | B43: FN160010 | C43: 42416 | D43: USD | E43: 3945.6 | F43: =E43*2.00195 -> 7898.8939 | G43: 42543 | K43: 3945.6 | M43: =E43-K43 -> 0
A44: MED ENERGY | B44: FN160011 | C44: 42422 | D44: EUR | E44: 36924.26 | F44: =+E44*2.2214 -> 82023.551 | G44: =+C44+90 -> 42512 | K44: 36874.26 | M44: =E44-K44 -> 50
A45: EL HARAMAINE | B45: FN160012 | C45: 42423 | D45: USD | E45: 58754.1 | F45: =+E45*2.01295 -> 118269.07 | G45: =+C45+90 -> 42513 | K45: 58754.1 | M45: =E45-K45 -> 0
A46: ERRAFIK | B46: FN160016 | C46: 42436 | D46: EUR | E46: 346818.74 | F46: =+E46*2.2428 -> 777845.07 | G46: =+C46+90 -> 42526 | H46: 620000 | J46: 42521 | K46: =79900-5002.12+25000+25000+25000+15000+80000+40000+31840+9950+20000 -> 346687.88 | M46: =E46-K46 -> 130.86
A47: MED ENERGY | B47: FN160017 | C47: 42445 | D47: EUR | E47: 56915.18 | F47: =+E47*2.2342 -> 127159.9 | G47: =+C47+90 -> 42535 | K47: =20865.18+36000 -> 56865.18 | M47: =E47-K47 -> 50
A48: MED ENERGY | B48: FN160018 | C48: 42460 | D48: EUR | E48: 55894.19 | F48: =E48*2.25995 -> 126318.07 | G48: =+C48+90 -> 42550 | K48: =46844.19-36000+22950+21950 -> 55744.19 | M48: =E48-K48 -> 150
A49: MARIBAT | B49: FN160022 | C49: 42461 | D49: USD | E49: 124293.26 | F49: =E49*1.98505 -> 246728.34 | G49: 42585 | K49: =60173.9+64059.36 -> 124233.26 | M49: =E49-K49 -> 60
A50: MED ENERGY | B50: FN160023 | C50: 42471 | D50: EUR | E50: 71366.58 | F50: =E50*2.2645 -> 161609.62 | G50: =+C50+90 -> 42561 | K50: 71316.58 | M50: =E50-K50 -> 50
A51: MARIBAT | B51: FN160025 | C51: 42480 | D51: USD | E51: 3720 | F51: =+E51*1.99715 -> 7429.398 | G51: 42603 | K51: 3662 | M51: =E51-K51 -> 58
A52: EL HARAMAINE | B52: FN160026 | C52: 42480 | D52: USD | E52: 59734.6 | F52: =+E52*1.99715 -> 119298.96 | G52: 42580 | K52: 59734.6 | M52: =E52-K52 -> 0
A53: MARIBAT | B53: FN160027 | C53: 42485 | D53: USD | E53: 190231.2 | F53: =+E53*1.99715 -> 379920.24 | G53: 42603 | H53: 305000 | J53: 42607 | K53: =163674-64059.36+90538.6 -> 190153.24 | M53: =E53-K53 -> 77.96
A54: EL HARAMAINE | B54: FN160031 | C54: 42503 | D54: USD | E54: 60309.6 | F54: =E54*2.02365 -> 122045.52 | G54: 42601 | K54: 60309.6 | M54: =E54-K54 -> 0
A55: MARIBAT | B55: FN160032 | C55: 42513 | D55: USD | E55: 243352.73 | F55: =E55*2.02365 -> 492460.75 | G55: 42630 | H55: 395000 | J55: 42638 | K55: =123502.1-2842.8+122644.67 -> 243303.97 | M55: =E55-K55 -> 48.76
A56: MARIBAT | B56: FN160033 | C56: 42506 | D56: USD | E56: 2902.8 | F56: =+E56*2.02365 -> 5874.2512 | G56: 42630 | K56: =2902.8-60 -> 2842.8 | M56: =E56-K56 -> 60
A57: MED ENERGY | B57: FN160034 | C57: 42515 | D57: EUR | E57: 58025.49 | F57: =E57*2.28935 -> 132840.66 | G57: =+C57+90 -> 42605 | K57: =12985.49+10960+11019+20163.57+2850 -> 57978.06 | M57: =E57-K57 -> 47.43
A58: MARIBAT | B58: FN160038 | C58: 42522 | D58: USD | E58: 181444.41 | F58: =+E58*2.0914 -> 379472.84 | G58: 42647 | K58: =90963.81+91051.3-637.2 -> 181377.91 | M58: =E58-K58 -> 66.5
A59: MARIBAT | B59: FN160039 | C59: 42522 | D59: USD | E59: 637.2 | F59: =+E59*2.0914 -> 1332.6401 | G59: 42647 | K59: 637.2 | M59: =E59-K59 -> 0
A60: MED ENERGY | B60: FN160040 | C60: 42523 | D60: USD | E60: 32695.26 | F60: =+E60*2.1062 -> 68862.757 | G60: =+C60+90 -> 42613 | K60: 32614.76 | M60: =E60-K60 -> 80.5
A61: MED ENERGY | B61: FN160041 | C61: 42527 | D61: EUR | E61: 33241.94 | F61: =+E61*2.34895 -> 78083.655 | G61: =+C61+90 -> 42617 | K61: =813.45+12225+20000 -> 33038.45 | M61: =E61-K61 -> 203.49
A62: ERRAFIK | B62: FN160042 | C62: 42528 | D62: EUR | E62: 249442.34 | F62: =+E62*2.3642 -> 589731.58 | G62: =+C62+90 -> 42618 | K62: =60000+39960+39950+25000+10000+25000+49500 -> 249410 | M62: =E62-K62 -> 32.34
A63: ERRAFIK | B63: FN160045 | C63: 42552 | D63: EUR | E63: 247327.72 | F63: =+E63*2.43635 -> 602576.89 | G63: =+C63+90 -> 42642 | H63: 485000 | J63: 42648 | K63: =64922.5-49500+85000+59957+79548.68+7399.54 -> 247327.72 | M63: =E63-K63 -> 0
A64: MARIBAT | B64: FN160046 | C64: 42565 | D64: USD | E64: 182006.54 | F64: =E64*2.20895 -> 402043.35 | G64: 42698 | H64: 320000 | J64: 42689 | K64: =72601.19+90445.6+18809.75 -> 181856.54 | M64: =E64-K64 -> 150
A65: MED ENERGY | B65: FN160050 | C65: 42583 | D65: EUR | E65: 47822.32 | F65: =+E65*2.45605 -> 117454.01 | G65: =+C65+90 -> 42673 | K65: =10994.42+15629.1+21150 -> 47773.52 | M65: =E65-K65 -> 48.8
A66: ERRAFIK | B66: FN160051 | C66: 42585 | D66: EUR | E66: 256710.4 | F66: =+E66*2.45645 -> 630596.26 | G66: =+C66+90 -> 42675 | K66: =39965-7399.54+99975+99955+24214.94 -> 256710.4 | M66: =E66-K66 -> 0
A67: EL HARAMAINE | B67: FN160052 | C67: 42594 | D67: USD | E67: 61609.6 | F67: =+E67*2.20485 -> 135839.93 | G67: 42692 | K67: 61609.6 | M67: =E67-K67 -> 0
A68: MARIBAT | B68: FN160053 | C68: 42599 | D68: USD | E68: 201518.23 | F68: =E68*2.18885 -> 441093.18 | G68: 42722 | K68: =90429.6+110873.72 -> 201303.32 | M68: =E68-K68 -> 214.91
A69: ERRAFIK | B69: FN160054 | C69: 42599 | D69: EUR | E69: 176779.1 | F69: =E69*2.4649 -> 435742.8 | G69: =+C69+90 -> 42689 | K69: =50000-24214.94+59950+24965+66079.04 -> 176779.1 | M69: =E69-K69 -> 0
A70: ERRAFIK | B70: FN160055 | C70: 42606 | D70: EUR | E70: 182078.8 | F70: =+E70*2.4651 -> 448842.45 | G70: =+C70+90 -> 42696 | K70: =86970-66079.04+44970+99975+16242.84 -> 182078.8 | M70: =E70-K70 -> 0
A71: MARIBAT | B71: FN160058 | C71: 42619 | D71: USD | E71: 201819.58 | F71: =+E71*2.19925 -> 443851.71 | G71: =+C71+120 -> 42739 | K71: =90445.6+111210.5 -> 201656.1 | M71: =E71-K71 -> 163.48
A72: ERRAFIK | B72: FN160059 | C72: 42619 | D72: EUR | E72: 93763.1 | F72: =+E72*2.45675 -> 230352.5 | G72: =+C72+90 -> 42709 | K72: =49970-16242.84+60035.94 -> 93763.1 | M72: =E72-K72 -> 0
A73: ERRAFIK | B73: FN160060 | C73: 42634 | D73: TND | E73: 490473.73 | F73: =+E73 -> 490473.73 | G73: =+C73+90 -> 42724 | H73: 390000 | J73: 42719 | K73: 483301.4 | M73: =E73-K73 -> 7172.329
A74: MARIBAT | B74: FN160065 | C74: 42646 | D74: USD | E74: 206062.8 | F74: =+E74*2.1936 -> 452019.36 | G74: =+C74+120 -> 42766 | K74: =90445.6+62781.5+52565.5 -> 205792.6 | M74: =E74-K74 -> 270.2
A75: ERRAFIK | B75: FN160066 | C75: 42647 | D75: EUR | E75: 90619.2 | F75: =+E75*2.4659 -> 223457.89 | G75: =+C75+90 -> 42737 | K75: =99832.71-60035.94+50800 -> 90596.77 | M75: =E75-K75 -> 22.43
A76: MARIBAT | B76: FN160067 | C76: 42661 | D76: USD | E76: 137375.2 | F76: =E76*2.23355 -> 306834.38 | G76: =+C76+120 -> 42781 | K76: =60289.4+76922.5 -> 137211.9 | M76: =E76-K76 -> 163.3
A77: ERRAFIK | B77: FN160068 | C77: 42667 | D77: EUR | E77: 275267.22 | F77: =E77*2.4408 -> 671872.23 | G77: =+C77+90 -> 42757 | K77: =86880.37-50800+49880.54+99832.65+50000+39400 -> 275193.56 | M77: =E77-K77 -> 73.66
A78: ERRAFIK | B78: FN160069 | C78: 42674 | D78: EUR | E78: 267067.85 | F78: =E78*2.45085 -> 654543.24 | G78: =C78+90 -> 42764 | K78: =11960+49900+24900+89900+79950+10400 -> 267010 | M78: =E78-K78 -> 57.85
A79: EL HARAMAINE | B79: FN160072 | C79: 42682 | D79: USD | E79: 61851.2 | F79: =+E79*2.22055 -> 137343.68 | G79: =+C79+90 -> 42772 | K79: 61851.2 | M79: =E79-K79 -> 0
A80: MED ENERGY | B80: FN160075 | C80: 42688 | D80: EUR | E80: 63212.1 | F80: =+E80*2.43455 -> 153893.02 | G80: =+C80+60 -> 42748 | K80: 63200 | M80: =E80-K80 -> 12.1
A81: MARIBAT | B81: FN160076 | C81: 42695 | D81: USD | E81: 218812.7 | F81: =+E81*2.2844 -> 499855.73 | G81: =+C81+120 -> 42815 | H81: 400000 | J81: 42819 | K81: =90505.8+128142.5 -> 218648.3 | M81: =E81-K81 -> 164.4
A82: EL HARAMAINE | B82: FN160077 | C82: 42703 | D82: USD | E82: 60082 | F82: =+E82*2.2879 -> 137461.61 | G82: =+C82+90 -> 42793 | M82: =E82-K82 -> 60082
A83: ERRAFIK | B83: FN160082 | C83: 42714 | D83: EUR | E83: 189405.85 | F83: =+E83*2.42685 -> 459659.59 | G83: =+C83+90 -> 42804 | K83: =11585+24960+59900+21930+14930+27960+28100 -> 189365 | M83: =E83-K83 -> 40.85
A84: ERRAFIK | B84: FN160084 | C84: 42731 | D84: EUR | E84: 288116.08 | F84: =+E84*2.41755 -> 696535.03 | G84: =+C84+60 -> 42791 | K84: =31982-28100+27930+26000+14982+21955+40955+45000+51000+39900+16500 -> 288104 | M84: =E84-K84 -> 12.08
A85: MARIBAT | B85: FN160090 | C85: 42733 | D85: USD | E85: 145787.49 | F85: =+E85*2.31175 -> 337024.23 | G85: =+C85+120 -> 42853 | K85: =60280.4+85392 -> 145672.4 | M85: =E85-K85 -> 115.09
A86: ERRAFIK | B86: FN170001 | C86: 42753 | D86: EUR | E86: 288576.96 | F86: =+E86*2.42535 -> 699900.13 | G86: =+C86+60 -> 42813 | K86: =34000-16500+40000+35000+50500+10000+74500+54500+6500 -> 288500 | M86: =E86-K86 -> 76.96
A87: ERRAFIK | B87: FN170006 | C87: 42772 | D87: EUR | E87: 90850.1 | F87: =+E87*2.4309 -> 220847.51 | G87: =+C87+60 -> 42832 | K87: =24600-6500+72500 -> 90600 | M87: =E87-K87 -> 250.1
A88: MARIBAT | B88: FN170007 | C88: 42786 | D88: USD | E88: 152438.77 | F88: =+E88*2.2847 -> 348276.86 | G88: =+C88+120 -> 42906 | K88: =60270.4+91998.5 -> 152268.9 | M88: =E88-K88 -> 169.87
A89: ERRAFIK | B89: FN170008 | C89: 42786 | D89: EUR | E89: 103380.36 | F89: =+E89*2.41935 -> 250113.27 | G89: =+C89+60 -> 42846 | K89: =44000+59200 -> 103200 | M89: =E89-K89 -> 180.36
A90: MARIBAT | B90: FN170013 | C90: 42827 | D90: USD | E90: 153807 | F90: =+E90*2.25845 -> 347365.42 | G90: =+C90+120 -> 42947 | K90: =60269.4+93352.5 -> 153621.9 | M90: =E90-K90 -> 185.1
A91: ERRAFIK | B91: FN170014 | C91: 42823 | D91: EUR | E91: 294951.15 | F91: =+E91*2.42915 -> 716480.59 | G91: =+C91+60 -> 42883 | K91: =250000+44800 -> 294800 | M91: =E91-K91 -> 151.15
A92: MED ENERGY | B92: FN170017 | C92: 42849 | D92: EUR | E92: 34976.02 | F92: =+E92*2.48185 -> 86805.235 | G92: =+C92+60 -> 42909 | K92: 15600 | M92: =E92-K92 -> 19376.02
A93: ERRAFIK | B93: FN170020 | C93: 42863 | D93: EUR | E93: 184309.16 | F93: =+E93*2.6311 -> 484935.83 | G93: =+C93+60 -> 42923 | K93: =36000+15000+95000+4000+34200 -> 184200 | M93: =E93-K93 -> 109.16
A94: ERRAFIK | B94: FN170024 | C94: 42898 | D94: EUR | E94: 295149.58 | F94: =+E94*2.74135 -> 809108.3 | G94: =+C94+60 -> 42958 | K94: =70000-34200+86000+111000+62300 -> 295100 | M94: =E94-K94 -> 49.58
A95: MED ENERGY | B95: FN170025 | C95: 42906 | D95: EUR | E95: 52992.7 | F95: =+E95*2.7377 -> 145078.11 | G95: =+C95+60 -> 42966 | M95: =E95-K95 -> 52992.7
A96: ERRAFIK | B96: FN170027 | C96: 42933 | D96: EUR | E96: 286403.79 | F96: =+E96*2.7746 -> 794655.96 | G96: =+C96+60 -> 42993 | K96: =180000+47200+7500+51650 -> 286350 | M96: =E96-K96 -> 53.79
A97: ERRAFIK | B97: FN170030 | C97: 42963 | D97: EUR | E97: 94511.3 | F97: =+E97*2.80685 -> 265279.04 | G97: =+C97+60 -> 43023 | K97: =125000-51650+21100 -> 94450 | M97: =E97-K97 -> 61.3
A98: ERRAFIK | B98: FN170031 | C98: 42975 | D98: EUR | E98: 278132.68 | F98: =+E98*2.88515 -> 802454.5 | G98: =+C98+60 -> 43035 | K98: =100000-21100+102000+97200 -> 278100 | M98: =E98-K98 -> 32.68
A99: ERRAFIK | B99: FN170038 | C99: 43010 | D99: EUR | E99: 94696.34 | F99: =+E99*2.8948 -> 274126.97 | G99: =+C99+60 -> 43070 | K99: 94650 | M99: =E99-K99 -> 46.34
A100: ERRAFIK | B100: FN170039 | C100: 43019 | D100: EUR | E100: 87025.13 | F100: =+E100*2.902 -> 252546.93 | G100: =+C100+60 -> 43079 | K100: =8150+78800 -> 86950 | M100: =E100-K100 -> 75.13
A101: ERRAFIK | B101: FN170040 | C101: 43026 | D101: EUR | E101: 98676.9 | F101: =+E101*2.89915 -> 286079.13 | G101: =+C101+60 -> 43086 | K101: 98600 | M101: =E101-K101 -> 76.9
A102: ERRAFIK | B102: FN170041 | C102: 43031 | D102: EUR | E102: 90761.4 | F102: =+E102*2.9083 -> 263961.38 | G102: =+C102+60 -> 43091 | K102: =22600+60000 -> 82600 | M102: =E102-K102 -> 8161.4
A103: ERRAFIK | B103: FN170044 | C103: 43035 | D103: EUR | E103: 101159.6 | F103: =+E103*2.9096 -> 294333.97 | G103: =+C103+60 -> 43095 | M103: =E103-K103 -> 101159.6
...

Sheet FED
A3: FINANCEMENTS DE DEVISE IMPORT
A4: AU 31/12/2016
B6: Fournisseur | C6: Montant en devise | D6: Cours | E6: Montant en dinars | F6: Date MEP | G6: Échéance | H6: Observation
A7: STA NOUR | B7: STCM | C7: 108049.32 | D7: 2.84 | E7: =+C7*D7 -> 306860.07 | F7: 42702 | G7: 42974 | H7: 3eme et derniere
A8: Total | E8: =SUM(E7) -> 306860.07
A10: SNA | B10: STCM | C10: 199857.91 | D10: 2.84 | E10: =C10*D10 -> 567596.46 | F10: 42726 | G10: 42998 | H10: 3eme et derniere
A11: Total | E11: =SUM(E10:E10) -> 567596.46

Sheet CHEQUE
A1: Adr fact | B1: Nom | C1: Échéance | D1: Montant
A2: 4S12055 | B2: USINE NOUVELLE DE PATE | C2: 43084 | D2: 686.455
A3: 4R13064 | B3: ETS AYMEN KORBI | C3: 43085 | D3: 866.5
A4: 7S20005 | B4: SOCIETE AGENCES DE VOY | C4: 43087 | D4: 396.214
A5: 6R23153 | B5: BOUCHADDAKH KHALED | C5: 43089 | D5: 2110.25
A6: 7r17011 | B6: MOHAMED NACEUR ABDELLI | C6: 43089 | D6: 1674
A7: 7R20002 | B7: HAROUNI HAFSIA BT MOHAMED | C7: 43089 | D7: 2000
A8: 7R22003 | B8: BELGACEM BEN SMIDA | C8: 43089 | D8: 600
A9: 7R22003 | B9: BELGACEM BEN SMIDA | C9: 43089 | D9: 600
A10: 4R12104 | B10: STE.MAGHR. DE PIECES DE RECH | C10: 43089 | D10: 1140.11
A11: 4R12214 | B11: LIMEME FATHI BEN KHLIFA | C11: 43089 | D11: 400
A12: 4R12214 | B12: LIMEME FATHI BEN KHLIFA | C12: 43089 | D12: 345
A13: 4R12227 | B13: HAKIM BEN SADOK KHEMIS | C13: 43089 | D13: 260
... A301: 8r11076 | B301: SOUFIEN B MOHAMED ABROUGUI | C301: 43100 | D301: 1240.78
A302: TOTAL 12/2017 | D302: =SUM(D2:D301) -> 568745.44
A303: 4R12227 | B303: HAKIM BEN SADOK KHEMIS | C303: 43101 | D303: 500
A304: 4R12227 | B304: HAKIM BEN SADOK KHEMIS | C304: 43101 | D304: 160
A305: 4R13138 | B305: ASMA BENT MOKHTAR ESSID | C305: 43101 | D305: 720.93
A306: 3R14079 | B306: BAAZAOUI SALAH | C306: 43101 | D306: 621.11
A307: 3R18381 | B307: STE DREAM CAR | C307: 43101 | D307: 9719.59
A308: 4R13138 | B308: ASMA BENT MOKHTAR ESSID | C308: 43102 | D308: 730.98
A309: 1r01517 | B309: NAIM BERRICH | C309: 43102 | D309: 650
A310: 1r06107 | B310: MOHAMED BEN ALI BEN HAMMA | C310: 43102 | D310: 2166.27
A311: 1R01540 | B311: STE UNIVSEL AUTOMOTIVES PART | C311: 43103 | D311: 1032.83
A312: 4R12227 | B312: HAKIM BEN SADOK KHEMIS | C312: 43105 | D312: 250
A313: 6R23021 | B313: MOHAMED B BELGACEM MIS | C313: 43105 | D313: 501.028
A314: 7R19060 | B314: SOGEMCO | C314: 43105 | D314: 745.853
... A754: 8R10047 | B754: DABBOUSSI MUSTAPHA | C754: 43131 | D754: 1268.37
A755: TOTAL 01/2018 | D755: =SUM(D303:D754) -> 892291.88
A756: 4R14056 | B756: MEHREZ BEN MOHAMED GUIZANI | C756: 43132 | D756: 2500
A757: 3R18381 | B757: STE DREAM CAR | C757: 43132 | D757: 2729.84
A758: 1R02250 | B758: STE GAMA AUTO | C758: 43132 | D758: 3507.13
A759: 1R03074 | B759: BEJI FAYCEL | C759: 43132 | D759: 1242.45
A760: 1r06020 | B760: STE MED ALI DE PIECES DE | C760: 43132 | D760: 1000
A761: 3R15038 | B761: ANIS BEN KHALIPHA RHAIEM | C761: 43133 | D761: 3000
A762: 3R18160 | B762: S M E A | C762: 43133 | D762: 4000
A763: 3R18274 | B763: STE HSOUNA FRIKHA ET F | C763: 43134 | D763: 4000
A764: 7R17046 | B764: THAMEUR CHAGRAOUI | C764: 43134 | D764: 1370
A765: 1R02148 | B765: AMOR BEN ABDRAHMENE BIBANI | C765: 43135 | D765: 1180.9
A766: 1R02185 | B766: SOCIETE ULTRA SERVICE | C766: 43135 | D766: 500
A767: 8r10053 | B767: OUERGHI MOUNIR B ABDEL | C767: 43136 | D767: 2885.482
... A1067: 8R10047 | B1067: DABBOUSSI MUSTAPHA | C1067: 43159 | D1067: 1516.43
A1068: TOTAL 02/2018 | D1068: =SUM(D756:D1067) -> 667268.82
A1069: 6R21066 | B1069: MED MAJID B.ABDESSALEM | C1069: 43160 | D1069: 1902.12
A1070: 1r05184 | B1070: NOUREDDINE B MOHAMOUD KNIOUA | C1070: 43160 | D1070: 4884.82
A1071: 4R15042 | B1071: SAHAR BT HABIB HAJ MAHMOUD | C1071: 43161 | D1071: 1400
A1072: 1r01217 | B1072: BEJI CHEDLY | C1072: 43161 | D1072: 1401.83
A1073: 1r02250 | B1073: STE GAMA AUTO | C1073: 43161 | D1073: 1080
A1074: 3R18207 | B1074: SMAOUI MOHSEN | C1074: 43162 | D1074: 720
A1075: 3R18274 | B1075: STE HSOUNA FRIKHA ET F | C1075: 43162 | D1075: 4000
A1076: 1r03074 | B1076: BEJI FAYCEL | C1076: 43162 | D1076: 1171.454
A1077: 1r02185 | B1077: SOCIETE ULTRA SERVICE | C1077: 43162 | D1077: 900
A1078: 8r10044 | B1078: HAJJAJI NASREDDINE | C1078: 43163 | D1078: 5000
A1079: 3R18039 | B1079: STE COGEP AUTO | C1079: 43164 | D1079: 4916.51
A1080: 1R02233 | B1080: STE ARIJ PIECES AUTOS | C1080: 43164 | D1080: 869.611
... A1257: 8R09060 | B1257: SAMIR BEN SLIMEN AOUADI | C1257: 43190 | D1257: 545.14
A1258: TOTAL 03/2018 | D1258: =SUM(D1069:D1257) -> 403665.82
A1259: 1r01509 | B1259: STE JAMEL AUTO | C1259: 43191 | D1259: 1100
A1260: 1R02185 | B1260: SOCIETE ULTRA SERVICE | C1260: 43193 | D1260: 900
A1261: 1r03074 | B1261: BEJI FAYCEL | C1261: 43194 | D1261: 1171.454
A1262: 3R18072 | B1262: SIRAJ BEN ZINA | C1262: 43195 | D1262: 5500
A1263: 3R18375 | B1263: MOHAMED AMINE BEN AMOR | C1263: 43195 | D1263: 2319.439
A1264: 1r06136 | B1264: STE COMPTOIR NORD DE P | C1264: 43195 | D1264: 870.717
A1265: 4R13137 | B1265: STE CENTRE NAOUALI SER | C1265: 43195 | D1265: 2300
A1266: 4R12262 | B1266: STE CIPA | C1266: 43195 | D1266: 1290.64
A1267: 1r01509 | B1267: STE JAMEL AUTO | C1267: 43195 | D1267: 1125.07
A1268: 1r01551 | B1268: GENERALE ELECT.AUTOMOBILE | C1268: 43195 | D1268: 4128.81
A1269: 1R02185 | B1269: SOCIETE ULTRA SERVICE | C1269: 43195 | D1269: 518.81
A1270: 6R21066 | B1270: MED MAJID B.ABDESSALEM | C1270: 43196 | D1270: 1500
... A1307: 1r04105 | B1307: BELGACEM BEN BOUBAKER MEJRI | C1307: 43220 | D1307: 13412.79
A1308: TOTAL 04/2018 | D1308: =SUM(D1259:D1307) -> 136001.71
A1309: 1r01551 | B1309: GENERALE ELECT.AUTOMOB | C1309: 43225 | D1309: 3923.221
A1310: 1r05211 | B1310: STE EL HAMDI PIECES.RE | C1310: 43226 | D1310: 2215.478
A1311: 4R13137 | B1311: STE CENTRE NAOUALI SER | C1311: 43227 | D1311: 2300
A1312: 8R09006 | B1312: GHARBI JALEL BEN BRAHI | C1312: 43230 | D1312: 3281.097
A1313: 4R15037 | B1313: STE MAHDIA AUTO | C1313: 43235 | D1313: 15100.286
A1314: 4R12262 | B1314: STE CIPA | C1314: 43235 | D1314: 1400
A1315: 1R02243 | B1315: STE GLOBAL PIECES AUTOS | C1315: 43235 | D1315: 5000
A1316: 8R09006 | B1316: GHARBI JALEL BEN BRAHI | C1316: 43240 | D1316: 3500
A1317: 4R12262 | B1317: STE CIPA | C1317: 43250 | D1317: 1360.238
A1318: 8R09006 | B1318: GHARBI JALEL BEN BRAHI | C1318: 43251 | D1318: 3500
A1319: TOTAL 05/2018 | D1319: =SUM(D1309:D1318) -> 41580.32
A1320: 8R09006 | B1320: GHARBI JALEL BEN BRAHI | C1320: 43268 | D1320: 3500
A1321: 4R13137 | B1321: STE CENTRE NAOUALI SER | C1321: 43271 | D1321: 2300
A1322: 8R09006 | B1322: GHARBI JALEL BEN BRAHI | C1322: 43281 | D1322: 3500
A1323: TOTAL 06/2018 | D1323: =SUM(D1320:D1322) -> 9300
A1325: TOTAL | D1325: =D1319+D1308+D1258+D1068+D755+D302+D1323 -> 2718854

Sheet TRAITE
A1: Client | B1: Nom | C1: Echéance | D1: Total St
A2: 7R22013 | B2: MOHAMED TAHER TNANCHA | C2: 43099 | D2: 13302.319
A3: 1S02019 | B3: SOCIETE AGRICOLE DICK | C3: 43119 | D3: 416.176
A4: 1S02149 | B4: STE AGRICOLE SAOUEF | C4: 43119 | D4: 269.098
A5: 1S02019 | B5: SOCIETE AGRICOLE DICK | C5: 43127 | D5: 363.793
A6: 4S12021 | B6: SOTUDIS | C6: 43131 | D6: 8910.158
A7: 4S12055 | B7: USINE NOUVELLE DE PATE | C7: 43131 | D7: 1622.01
A8: 1R01558 | B8: STE TUN.PCE.RECH.ALM.S | C8: 43131 | D8: 841.25
A9: 1R02205 | B9: AUTO ZARGA | C9: 43133 | D9: 507.62
A10: 3R18378 | B10: STE MEKINA | C10: 43134 | D10: 660.546
A11: 1R01480 | B11: STE HADJ AUTO | C11: 43136 | D11: 3161.392
A12: 1S18011 | B12: SOCIETE CHAABANE ET CIE | C12: 43138 | D12: 7501.792
A13: 1S18011 | B13: SOCIETE CHAABANE ET CIE | C13: 43139 | D13: 5984.313
... A73: 3R18111 | B73: KALLEL LASSAAD | C73: 43190 | D73: 1244.8
A74: TOTAL 90 JOURS | D74: =SUM(D2:D73) -> 232568.94
A75: 6R21048 | B75: AMOR B.SADEK AOUDH | C75: 43192 | D75: 6330
A76: 1R01480 | B76: STE HADJ AUTO | C76: 43193 | D76: 2599.243
A77: 1R12003 | B77: STE ZORGATI VEHICULES | C77: 43195 | D77: 13156.36
A78: 1R03125 | B78: MOHAMED B MED NEJIB REGUIGUI | C78: 43195 | D78: 1241.722
A79: 4R13125 | B79: STE SARRA AUTO | C79: 43195 | D79: 2070.863
A80: 3R18076 | B80: MAHER BEN MOHAMED HACH | C80: 43195 | D80: 949.289
A81: 4R14029 | B81: JAADI MONCEF | C81: 43197 | D81: 925
A82: 1R03141 | B82: BEN ALI HAMDI | C82: 43198 | D82: 2467.335
A83: 3R15019 | B83: FERJANI FATHALLAH | C83: 43200 | D83: 2879.695
A84: 4R14029 | B84: JAADI MONCEF | C84: 43200 | D84: 926
A85: 6R23038 | B85: MOHAMED HEDI BOUAOUJA | C85: 43200 | D85: 1536.999
A86: 1R05055 | B86: RHIM CHEDLY | C86: 43200 | D86: 2542.223
... A121: 4R12211 | B121: STE ZORGATI VEHICULE | C121: 43256 | D121: 12908.706
A122: TOTAL > 90 JOURS | D122: =SUM(D75:D121) -> 159449.66
A124: TOTAL GENERAL | D124: =+D122+D74 -> 392018.6

Sheet KAIS TAYACHI
B1: Date de Liv | C1: Desc Art | D1: UN | E1: Qté Liv / STA NOUR | F1: Px UN / TND | G1: Px Tot / TND | H1: TVA 18% | I1: Tot. TTC | J1: Mode de Paiement | K1: Réf. Pièce de Règ | L1: Société | M1: Montant | N1: Échéance | O1: Banque | P1: FACTURE | Q1: STE
B2: 42751 | C2: ETAIN | D2: KG | E2: 2086 | F2: 32.2 | G2: =+E2*F2 -> 67169.2 | H2: =G2*0.18 -> 12090.456 | I2: =+G2+H2 -> 79259.656 | J2: CH | K2: 3909 | L2: STA | M2: 15192 | N2: 42901 | O2: STB MEG | P2: HAZEM CHTOUROU | Q2: STA
B3: 42759 | C3: ETAIN | D3: KG | E3: 993 | F3: 32.2 | G3: =+E3*F3 -> 31974.6 | H3: =G3*0.18 -> 5755.428 | I3: =+G3+H3 -> 37730.028 | J3: CH | K3: 3778 | L3: STA | M3: 75000 | N3: 42793 | O3: STB MEG
B4: 42810 | C4: ETAIN | D4: KG | E4: 1100 | F4: 32.2 | G4: =+E4*F4 -> 35420 | H4: =G4*0.18 -> 6375.6 | I4: =+G4+H4 -> 41795.6 | J4: CH | K4: 3858 | L4: STA | M4: 35000 | N4: 42842 | O4: STB MEG
J5: CH | K5: 3910 | L5: STA | M5: 33593.784 | N5: 42865 | O5: STB MEG
B7: 42784 | C7: VIEUX PLOMB | D7: KG | E7: 30905 | F7: 4.22 | G7: =+E7*F7 -> 130419.1 | H7: =G7*0.18 -> 23475.438 | I7: =+G7+H7 -> 153894.54 | J7: CH | K7: 150 | L7: SNA | M7: 60000 | N7: 42751 | O7: STB MEG | P7: HAZEM CHTOUROU | Q7: SNA
B8: 42795 | C8: VIEUX PLOMB | D8: KG | E8: 15460 | F8: 4.22 | G8: =+E8*F8 -> 65241.2 | H8: =G8*0.18 -> 11743.416 | I8: =+G8+H8 -> 76984.616 | J8: CH | K8: 345 | L8: SNA | M8: 80000 | N8: 42811 | O8: STB MEG
B9: 42808 | C9: VIEUX PLOMB | D9: KG | E9: 16380 | F9: 4.22 | G9: =+E9*F9 -> 69123.6 | H9: =G9*0.18 -> 12442.248 | I9: =+G9+H9 -> 81565.848 | J9: CH | K9: 372 | L9: SNA | M9: 50000 | N9: 42828 | O9: STB MEG
B10: 42825 | C10: VIEUX PLOMB | D10: KG | E10: 5986 | F10: 4.22 | G10: =+E10*F10 -> 25260.92 | H10: =G10*0.18 -> 4546.9656 | I10: =+G10+H10 -> 29807.886 | J10: CH | K10: 411 | L10: SNA | M10: 35000 | N10: 42842 | O10: STB MEG
B11: 42836 | C11: VIEUX PLOMB | D11: KG | E11: 4995 | F11: 4.22 | G11: =+E11*F11 -> 21078.9 | H11: =G11*0.18 -> 3794.202 | I11: =+G11+H11 -> 24873.102 | J11: CH | K11: 482 | L11: SNA | M11: 142126.49 | N11: 42865 | O11: STB MEG
B13: 42838 | C13: VIEUX PLOMB | D13: KG | E13: 3694 | F13: 4.1 | G13: =+E13*F13 -> 15145.4 | H13: =+G13*0.18 -> 2726.172 | I13: =+H13+G13 -> 17871.572 | J13: CH | K13: 525 | L13: SNA | M13: 60000 | N13: 42877 | O13: STB MEG | P13: KAIS TAYACHI / GHEDIFI ABDESSATAR | Q13: SNA
B14: 42849 | C14: VIEUX PLOMB | D14: KG | E14: 6403 | F14: 4.1 | G14: =+E14*F14 -> 26252.3 | H14: =+G14*0.18 -> 4725.414 | I14: =+H14+G14 -> 30977.714 | J14: CH | K14: 621 | L14: SNA | M14: 80000 | N14: 42901 | O14: STB MEG
B15: 42867 | C15: VIEUX PLOMB | D15: KG | E15: 6510 | F15: 4.1 | G15: =+E15*F15 -> 26691 | H15: =+G15*0.18 -> 4804.38 | I15: =+H15+G15 -> 31495.38 | J15: CH | K15: 739 | L15: SNA | M15: 100000 | N15: 42940 | O15: STB MEG
B16: 42879 | C16: VIEUX PLOMB | D16: KG | E16: 5998 | F16: 4.1 | G16: =+E16*F16 -> 24591.8 | H16: =+G16*0.18 -> 4426.524 | I16: =+H16+G16 -> 29018.324 | J16: CH | K16: 740 | L16: SNA | M16: 60000 | N16: 42943 | O16: STB MEG
B17: 42887 | C17: VIEUX PLOMB | D17: KG | E17: 4662 | F17: 4.1 | G17: =+E17*F17 -> 19114.2 | H17: =+G17*0.18 -> 3440.556 | I17: =+H17+G17 -> 22554.756 | J17: CH | K17: 830 | L17: SNA | M17: 100000 | N17: 42963 | O17: STB MEG
B18: 42893 | C18: VIEUX PLOMB | D18: KG | E18: 4753 | F18: 4.1 | G18: =+E18*F18 -> 19487.3 | H18: =+G18*0.18 -> 3507.714 | I18: =+H18+G18 -> 22995.014 | J18: CH | K18: 831 | L18: SNA | M18: 72777.787 | N18: 42963 | O18: STB MEG
B19: 42900 | C19: VIEUX PLOMB | D19: KG | E19: 5116 | F19: 4.1 | G19: =+E19*F19 -> 20975.6 | H19: =+G19*0.18 -> 3775.608 | I19: =+H19+G19 -> 24751.208
B20: 42915 | C20: VIEUX PLOMB | D20: KG | E20: 4553 | F20: 4.1 | G20: =+E20*F20 -> 18667.3 | H20: =+G20*0.18 -> 3360.114 | I20: =+H20+G20 -> 22027.414
B21: 42916 | C21: VIEUX PLOMB | D21: KG | E21: 3889 | F21: 4.1 | G21: =+E21*F21 -> 15944.9 | H21: =+G21*0.18 -> 2870.082 | I21: =+H21+G21 -> 18814.982
B22: 42922 | C22: VIEUX PLOMB | D22: KG | E22: 1694 | F22: 4.1 | G22: =+E22*F22 -> 6945.4 | H22: =+G22*0.18 -> 1250.172 | I22: =+H22+G22 -> 8195.572
B23: 42922 | C23: VIEUX PLOMB | D23: KG | E23: 1634 | F23: 4.1 | G23: =+E23*F23 -> 6699.4 | H23: =+G23*0.18 -> 1205.892 | I23: =+H23+G23 -> 7905.292
B24: 42926 | C24: VIEUX PLOMB | D24: KG | E24: 1450 | F24: 4.1 | G24: =+E24*F24 -> 5945 | H24: =+G24*0.18 -> 1070.1 | I24: =+H24+G24 -> 7015.1
B25: 42930 | C25: VIEUX PLOMB | D25: KG | E25: 3022 | F25: 4.1 | G25: =+E25*F25 -> 12390.2 | H25: =+G25*0.18 -> 2230.236 | I25: =+H25+G25 -> 14620.436
B26: 42942 | C26: VIEUX PLOMB | D26: KG | E26: 2704 | F26: 4.1 | G26: =+E26*F26 -> 11086.4 | H26: =+G26*0.18 -> 1995.552 | I26: =+H26+G26 -> 13081.952
B27: 42894 | C27: DECHET BATTERIE | D27: KG | E27: 29940 | F27: 1.35 | G27: =+E27*F27 -> 40419 | H27: =+G27*0.18 -> 7275.42 | I27: =+H27+G27 -> 47694.42
B28: 42899 | C28: DECHET BATTERIE | D28: KG | E28: 32820 | F28: 1.35 | G28: =+E28*F28 -> 44307 | H28: =+G28*0.18 -> 7975.26 | I28: =+H28+G28 -> 52282.26
B29: 42922 | C29: DECHET BATTERIE | D29: KG | E29: 31960 | F29: 1.35 | G29: =+E29*F29 -> 43146 | H29: =+G29*0.18 -> 7766.28 | I29: =+H29+G29 -> 50912.28
B30: 42927 | C30: DECHET BATTERIE | D30: KG | E30: 3121 | F30: 1.35 | G30: =+E30*F30 -> 4213.35 | H30: =+G30*0.18 -> 758.403 | I30: =+H30+G30 -> 4971.753
B31: 42943 | C31: DECHET BATTERIE | D31: KG | E31: 33140 | F31: 1.35 | G31: =+E31*F31 -> 44739 | H31: =+G31*0.18 -> 8053.02 | I31: =+H31+G31 -> 52792.02
B33: 42838 | C33: ETAIN | D33: KG | E33: 236 | F33: 30 | G33: =+E33*F33 -> 7080 | H33: =G33*0.18 -> 1274.4 | I33: =+G33+H33 -> 8354.4 | J33: CH | K33: 3938 | L33: STA | M33: =20000/0.985 -> 20304.569 | N33: 42901 | O33: STB MEG | P33: KAIS TAYACHI / GHEDIFI ABDESSATAR | Q33: STA
B34: 42849 | C34: ETAIN | D34: KG | E34: 466 | F34: 30 | G34: =+E34*F34 -> 13980 | H34: =G34*0.18 -> 2516.4 | I34: =+G34+H34 -> 16496.4 | J34: CH | K34: 4116 | L34: STA | M34: 20000 | N34: 42985 | O34: STB MEG
B35: 42867 | C35: ETAIN | D35: KG | E35: 154 | F35: 30 | G35: =+E35*F35 -> 4620 | H35: =G35*0.18 -> 831.6 | I35: =+G35+H35 -> 5451.6 | J35: CH | K35: 4173 | L35: STA | M35: 18377.331 | N35: 43014 | O35: STB MEG
B36: 42887 | C36: ETAIN | D36: KG | E36: 205 | F36: 30 | G36: =+E36*F36 -> 6150 | H36: =G36*0.18 -> 1107 | I36: =+G36+H36 -> 7257
B37: 42977 | C37: ETAIN | D37: KG | E37: 532 | F37: 30 | G37: =+E37*F37 -> 15960 | H37: =G37*0.18 -> 2872.8 | I37: =+G37+H37 -> 18832.8
B38: 42838 | C38: INOX | D38: KG | E38: 485 | F38: 4 | G38: =+E38*F38 -> 1940 | H38: =+G38*0.18 -> 349.2 | I38: =+H38+G38 -> 2289.2
B40: 42954 | C40: VIEUX PLOMB | D40: KG | E40: 3066 | F40: 4.1 | G40: =+E40*F40 -> 12570.6 | H40: =+G40*0.18 -> 2262.708 | I40: =+H40+G40 -> 14833.308 | J40: CH | K40: 897 | L40: SNA | M40: 50000 | N40: 42989 | O40: STB MEG | P40: KAIS TAYACHI / GHEDIFI ABDESSATAR | Q40: SNA
B41: 42958 | C41: VIEUX PLOMB | D41: KG | E41: 4570 | F41: 4.1 | G41: =+E41*F41 -> 18737 | H41: =+G41*0.18 -> 3372.66 | I41: =+H41+G41 -> 22109.66 | J41: CH | K41: 933 | L41: SNA | M41: 33569.757 | N41: 43000 | O41: STB MEG
B42: 42965 | C42: VIEUX PLOMB | D42: KG | E42: 2535 | F42: 4.1 | G42: =+E42*F42 -> 10393.5 | H42: =+G42*0.18 -> 1870.83 | I42: =+H42+G42 -> 12264.33
B43: 42971 | C43: VIEUX PLOMB | D43: KG | E43: 4650 | F43: 4.1 | G43: =+E43*F43 -> 19065 | H43: =+G43*0.18 -> 3431.7 | I43: =+H43+G43 -> 22496.7
B44: 42977 | C44: VIEUX PLOMB | D44: KG | E44: 2610 | F44: 4.1 | G44: =+E44*F44 -> 10701 | H44: =+G44*0.18 -> 1926.18 | I44: =+H44+G44 -> 12627.18
B46: 42956 | C46: DECHET BATTERIE | D46: KG | E46: 9684 | F46: 1.35 | G46: =+E46*F46 -> 13073.4 | H46: =+G46*0.18 -> 2353.212 | I46: =+H46+G46 -> 15426.612 | J46: CH | K46: 896 | L46: SNA | M46: 100000 | N46: 42985 | O46: STB MEG | P46: KAIS TAYACHI / GHEDIFI ABDESSATAR | Q46: SNA
B47: 42957 | C47: DECHET BATTERIE | D47: KG | E47: 30640 | F47: 1.35 | G47: =+E47*F47 -> 41364 | H47: =+G47*0.18 -> 7445.52 | I47: =+H47+G47 -> 48809.52 | J47: CH | K47: 932 | L47: SNA | M47: 50000 | N47: 43000 | O47: STB MEG
B48: 42972 | C48: DECHET BATTERIE | D48: KG | E48: 35720 | F48: 1.35 | G48: =+E48*F48 -> 48222 | H48: =+G48*0.18 -> 8679.96 | I48: =+H48+G48 -> 56901.96 | J48: CH | K48: 1035 | L48: SNA | M48: 80495.323 | N48: 43014 | O48: STB MEG
B49: 42975 | C49: DECHET BATTERIE | D49: KG | E49: 34300 | F49: 1.35 | G49: =+E49*F49 -> 46305 | H49: =+G49*0.18 -> 8334.9 | I49: =+H49+G49 -> 54639.9
B50: 42975 | C50: DECHET BATTERIE | D50: KG | E50: 3304 | F50: 1.35 | G50: =+E50*F50 -> 4460.4 | H50: =+G50*0.18 -> 802.872 | I50: =+H50+G50 -> 5263.272
B51: 42977 | C51: DECHET BATTERIE | D51: KG | E51: 886 | F51: 1.35 | G51: =+E51*F51 -> 1196.1 | H51: =+G51*0.18 -> 215.298 | I51: =+H51+G51 -> 1411.398
B52: 42977 | C52: DECHET BATTERIE | D52: KG | E52: 29680 | F52: 1.35 | G52: =+E52*F52 -> 40068 | H52: =+G52*0.18 -> 7212.24 | I52: =+H52+G52 -> 47280.24
B54: 42986 | C54: DECHET BATTERIE | D54: KG | E54: 30440 | F54: 1.4 | G54: =+E54*F54 -> 42616 | H54: =+G54*0.18 -> 7670.88 | I54: =+H54+G54 -> 50286.88 | J54: CH | K54: 4195 | L54: STA | M54: 100000 | N54: 43024 | O54: STB MEG | P54: KAIS TAYACHI / GHEDIFI ABDESSATAR | Q54: STA
B55: 42998 | C55: DECHET BATTERIE | D55: KG | E55: 25980 | F55: 1.4 | G55: =+E55*F55 -> 36372 | H55: =+G55*0.18 -> 6546.96 | I55: =+H55+G55 -> 42918.96 | J55: CH | K55: 1170 | L55: SNA | M55: 100000 | N55: 43041 | O55: STB MEG
B56: 43003 | C56: DECHET BATTERIE | D56: KG | E56: 41100 | F56: 1.4 | G56: =+E56*F56 -> 57540 | H56: =+G56*0.18 -> 10357.2 | I56: =+H56+G56 -> 67897.2
B57: 43006 | C57: DECHET BATTERIE | D57: KG | E57: 16670 | F57: 1.4 | G57: =+E57*F57 -> 23338 | H57: =+G57*0.18 -> 4200.84 | I57: =+H57+G57 -> 27538.84
B58: 43006 | C58: DECHET BATTERIE | D58: KG | E58: 16192 | F58: 1.4 | G58: =+E58*F58 -> 22668.8 | H58: =+G58*0.18 -> 4080.384 | I58: =+H58+G58 -> 26749.184
B60: 43003 | C60: VIEUX PLOMB | D60: KG | E60: 6570 | F60: 4.2 | G60: =+E60*F60 -> 27594 | H60: =+G60*0.18 -> 4966.92 | I60: =+G60+H60 -> 32560.92 | J60: CH | K60: 1214 | L60: SNA | M60: 150000 | N60: 1.1818182 | O60: STB MEG
B61: 43006 | C61: VIEUX PLOMB | D61: KG | E61: 6113 | F61: 4.2 | G61: =+E61*F61 -> 25674.6 | H61: =+G61*0.18 -> 4621.428 | I61: =+G61+H61 -> 30296.028 | J61: CH | K61: 1237 | L61: SNA | M61: 100000 | N61: 43060 | O61: STB MEG
B62: 43010 | C62: VIEUX PLOMB | D62: KG | E62: 2661 | F62: 4.4 | G62: =+E62*F62 -> 11708.4 | H62: =+G62*0.18 -> 2107.512 | I62: =+G62+H62 -> 13815.912 | J62: CH | K62: 1299 | L62: SNA | M62: 150000 | N62: 43075 | O62: STB MEG
B63: 43021 | C63: VIEUX PLOMB | D63: KG | E63: 6120 | F63: 4.4 | G63: =+E63*F63 -> 26928 | H63: =+G63*0.18 -> 4847.04 | I63: =+G63+H63 -> 31775.04 | J63: CH | K63: 193 | L63: TIP | M63: 1888.5
B64: 43026 | C64: VIEUX PLOMB | D64: KG | E64: 3964 | F64: 4.4 | G64: =+E64*F64 -> 17441.6 | H64: =+G64*0.18 -> 3139.488 | I64: =+G64+H64 -> 20581.088 | J64: CH | K64: 1398 | L64: SNA | M64: 100000
B65: 43027 | C65: VIEUX PLOMB | D65: KG | E65: 3876 | F65: 4.4 | G65: =+E65*F65 -> 17054.4 | H65: =+G65*0.18 -> 3069.792 | I65: =+G65+H65 -> 20124.192 | J65: CH | K65: 1399 | L65: SNA | M65: 50000
B66: 43031 | C66: VIEUX PLOMB | D66: KG | E66: 4967 | F66: 4.4 | G66: =+E66*F66 -> 21854.8 | H66: =+G66*0.18 -> 3933.864 | I66: =+G66+H66 -> 25788.664 | J66: CH | K66: 1400 | L66: SNA | M66: 50000
B67: 43039 | C67: VIEUX PLOMB | D67: KG | E67: 2714 | F67: 4.4 | G67: =+E67*F67 -> 11941.6 | H67: =+G67*0.18 -> 2149.488 | I67: =+G67+H67 -> 14091.088
B69: 43024 | C69: DECHET BATTERIE | D69: KG | E69: 40940 | F69: 1.4 | G69: =+E69*F69 -> 57316 | H69: =+G69*0.18 -> 10316.88 | I69: =+H69+G69 -> 67632.88
B70: 43031 | C70: DECHET BATTERIE | D70: KG | E70: 11391 | F70: 1.4 | G70: =+E70*F70 -> 15947.4 | H70: =+G70*0.18 -> 2870.532 | I70: =+H70+G70 -> 18817.932
B71: 43038 | C71: DECHET BATTERIE | D71: KG | E71: 41120 | F71: 1.4 | G71: =+E71*F71 -> 57568 | H71: =+G71*0.18 -> 10362.24 | I71: =+H71+G71 -> 67930.24
B72: 43039 | C72: DECHET BATTERIE | D72: KG | E72: 6073 | F72: 1.4 | G72: =+E72*F72 -> 8502.2 | H72: =+G72*0.18 -> 1530.396 | I72: =+H72+G72 -> 10032.596
B73: 43045 | C73: DECHET BATTERIE | D73: KG | E73: 18422 | F73: 1.4 | G73: =+E73*F73 -> 25790.8 | H73: =+G73*0.18 -> 4642.344 | I73: =+H73+G73 -> 30433.144
B74: 43056 | C74: DECHET BATTERIE | D74: KG | E74: 41320 | F74: 1.4 | G74: =+E74*F74 -> 57848 | H74: =+G74*0.18 -> 10412.64 | I74: =+H74+G74 -> 68260.64
B75: 43059 | C75: DECHET BATTERIE | D75: KG | E75: 34280 | F75: 1.45 | G75: =+E75*F75 -> 49706 | H75: =+G75*0.18 -> 8947.08 | I75: =+H75+G75 -> 58653.08
B77: 43054 | C77: INOX | D77: KG | E77: 400 | F77: 4 | G77: =+E77*F77 -> 1600 | H77: =+G77*0.18 -> 288 | I77: =+H77+G77 -> 1888 | Q77: TIP
B78: 43054 | C78: VIEUX PLOMB | D78: KG | E78: 2850 | F78: 4.4 | G78: =+E78*F78 -> 12540 | H78: =+G78*0.18 -> 2257.2 | I78: =+H78+G78 -> 14797.2
B79: 43052 | C79: VIEUX PLOMB | D79: KG | E79: 4924 | F79: 4.4 | G79: =+E79*F79 -> 21665.6 | H79: =+G79*0.18 -> 3899.808 | I79: =+H79+G79 -> 25565.408
B80: 43049 | C80: COUPEAU DE FER | D80: KG | E80: 3500 | F80: 0.3 | G80: =+E80*F80 -> 1050 | H80: =+G80*0.18 -> 189 | I80: =+H80+G80 -> 1239
B81: 43055 | C81: COUPEAU DE FER | D81: KG | E81: 13320 | F81: 0.3 | G81: =+E81*F81 -> 3996 | H81: =+G81*0.18 -> 719.28 | I81: =+H81+G81 -> 4715.28
B83: SOLDE KAIS | I83: =SUM(I54:I81) -> 774389.4 | J83: MONTANT RECU | M83: =M54+M55+M60+M61+M62+M63+M64+M65+M66 -> 801888.5
M84: =I83-M83 -> -27499.104
B85: Date de Liv | C85: Desc Art | D85: UN | E85: Qté Liv / STA NOUR | F85: Px UN / TND | G85: Px Tot / TND | H85: TVA 18% | I85: Tot. TTC | M85: -250000
B87: 43074 | C87: DECHET BATTERIE | D87: KG | E87: 39980 | F87: 1.45 | G87: =+E87*F87 -> 57971 | H87: =+G87*0.18 -> 10434.78 | I87: =+H87+G87 -> 68405.78 | J87: L10192
B88: 43084 | C88: DECHET BATTERIE | D88: KG | E88: 39860 | F88: 1.45 | G88: =+E88*F88 -> 57797 | H88: =+G88*0.18 -> 10403.46 | I88: =+H88+G88 -> 68200.46 | J88: L10192
B89: 43098 | C89: DECHET BATTERIE | D89: KG | E89: 39780 | F89: 1.45 | G89: =+E89*F89 -> 57681 | H89: =+G89*0.18 -> 10382.58 | I89: =+H89+G89 -> 68063.58 | J89: L10192
E90: =SUM(E87:E89) -> 119620 | G90: =SUM(G87:G89) -> 173449 | H90: =SUM(H87:H89) -> 31220.82 | I90: =SUM(I87:I89)+0.5 -> 204670.32
B92: 43054 | C92: ETAIN (80%) | D92: KG | E92: 573 | F92: 33 | G92: =+E92*F92 -> 18909 | H92: =+G92*0.18 -> 3403.62 | I92: =+H92+G92 -> 22312.62 | J92: L10192
B93: 43076 | C93: ETAIN (80%) | D93: KG | E93: 621 | F93: 33 | G93: =+E93*F93 -> 20493 | H93: =+G93*0.18 -> 3688.74 | I93: =+H93+G93 -> 24181.74 | J93: L10192
B94: 43091 | C94: ETAIN (80%) | D94: KG | E94: 509 | F94: 33 | G94: =+E94*F94 -> 16797 | H94: =+G94*0.18 -> 3023.46 | I94: =+H94+G94 -> 19820.46 | J94: L10192
B95: 43095 | C95: ETAIN (80%) | D95: KG | E95: 773 | F95: 33 | G95: =+E95*F95 -> 25509 | H95: =+G95*0.18 -> 4591.62 | I95: =+H95+G95 -> 30100.62 | J95: L10192
B96: 43097 | C96: ETAIN (80%) | D96: KG | E96: 423 | F96: 33 | G96: =+E96*F96 -> 13959 | H96: =+G96*0.18 -> 2512.62 | I96: =+H96+G96 -> 16471.62 | J96: L10192
E97: =SUM(E92:E96) -> 2899 | G97: =SUM(G92:G96) -> 95667 | H97: =SUM(H92:H96) -> 17220.06 | I97: =SUM(I92:I96)+0.5 -> 112887.56
B99: 43076 | C99: VIEUX PLOMB | D99: KG | E99: 11627 | F99: 4.4 | G99: =+E99*F99 -> 51158.8 | H99: =+G99*0.18 -> 9208.584 | I99: =+H99+G99 -> 60367.384 | J99: L10192
B100: 43091 | C100: VIEUX PLOMB | D100: KG | E100: 2510 | F100: 4.4 | G100: =+E100*F100 -> 11044 | H100: =+G100*0.18 -> 1987.92 | I100: =+H100+G100 -> 13031.92 | J100: L10192
B101: 43095 | C101: VIEUX PLOMB | D101: KG | E101: 1602 | F101: 4.4 | G101: =+E101*F101 -> 7048.8 | H101: =+G101*0.18 -> 1268.784 | I101: =+H101+G101 -> 8317.584 | J101: L10192
B102: 43097 | C102: VIEUX PLOMB | D102: KG | E102: 436 | F102: 4.4 | G102: =+E102*F102 -> 1918.4 | H102: =+G102*0.18 -> 345.312 | I102: =+H102+G102 -> 2263.712 | J102: L10192
E103: =SUM(E99:E102) -> 16175 | G103: =SUM(G99:G102) -> 71170 | H103: =SUM(H99:H102) -> 12810.6 | I103: =SUM(I99:I102)+0.5 -> 83981.1
B105: 43083 | C105: VIEUX PLOMB | D105: KG | E105: 5295 | F105: 4.4 | G105: =+E105*F105 -> 23298 | H105: =+G105*0.18 -> 4193.64 | I105: =+H105+G105 -> 27491.64 | J105: L10190
G106: =SUM(G105) -> 23298 | H106: =SUM(H105) -> 4193.64 | I106: =SUM(I105)+0.5 -> 27492.14
B108: 43056 | C108: INOX (MACHINE) | D108: KG | E108: 1070 | F108: 2.8 | G108: =+E108*F108 -> 2996 | H108: =+G108*0.18 -> 539.28 | I108: =+H108+G108 -> 3535.28
B110: 43104 | C110: VIEUX PLOMB | D110: KG | E110: 4864 | F110: 4.4 | G110: =+E110*F110 -> 21401.6 | H110: =+G110*0.19 -> 4066.304 | I110: =+H110+G110 -> 25467.904
B111: 43105 | C111: VIEUX PLOMB | D111: KG | E111: 4068 | F111: 4.4 | G111: =+E111*F111 -> 17899.2 | H111: =+G111*0.19 -> 3400.848 | I111: =+H111+G111 -> 21300.048
B112: 43112 | C112: VIEUX PLOMB | D112: KG | E112: 2070 | F112: 4.4 | G112: =+E112*F112 -> 9108 | H112: =+G112*0.19 -> 1730.52 | I112: =+H112+G112 -> 10838.52
B113: 43123 | C113: VIEUX PLOMB | D113: KG | E113: 7034 | F113: 4.4 | G113: =+E113*F113 -> 30949.6 | H113: =+G113*0.19 -> 5880.424 | I113: =+H113+G113 -> 36830.024
B114: 43123 | C114: VIEUX PLOMB | D114: KG | E114: 5131 | F114: 4.4 | G114: =+E114*F114 -> 22576.4 | H114: =+G114*0.19 -> 4289.516 | I114: =+H114+G114 -> 26865.916
B115: 43125 | C115: VIEUX PLOMB | D115: KG | E115: 2590 | F115: 4.4 | G115: =+E115*F115 -> 11396 | H115: =+G115*0.19 -> 2165.24 | I115: =+H115+G115 -> 13561.24
B116: 43124 | C116: VIEUX PLOMB | D116: KG | E116: 4011 | F116: 4.4 | G116: =+E116*F116 -> 17648.4 | H116: =+G116*0.19 -> 3353.196 | I116: =+H116+G116 -> 21001.596
...

Sheet SOTRAM
B1: Date de Liv | C1: Desc Art | D1: UN | E1: Qté Liv / STA NOUR | F1: Px UN / TND | G1: Px Tot / TND | H1: TVA 18% | I1: FODEC 1% | J1: Tot. TTC | K1: Mode de Paiement | L1: Réf. Pièce de Règ | M1: Société | N1: Montant | O1: Échéance | P1: Banque | Q1: FACTURE | R1: STE
B2: 42872 | C2: DECHET BATTERIE | D2: KG | E2: 36260 | F2: 1.4 | G2: =+E2*F2 -> 50764 | H2: =+G2*0.18 -> 9137.52 | I2: =(G2+H2)*1% -> 599.0152 | J2: =+H2+G2+I2 -> 60500.535 | K2: CHQ | L2: 545 | M2: SNA | N2: =J2+0.5 -> 60501.035 | O2: 42880 | P2: STB MEG | Q2: SOTRAM | R2: SNA
B3: 42888 | C3: DECHET BATTERIE | D3: KG | E3: 36260 | F3: 1.4 | G3: =+E3*F3 -> 50764 | H3: =+G3*0.18 -> 9137.52 | I3: =(G3+H3)*1% -> 599.0152 | J3: =+H3+G3+I3 -> 60500.535 | K3: TRT | M3: SNA | N3: 61018.027 | O3: 42947 | P3: STB MEG | Q3: SOTRAM | R3: SNA
B4: 42899 | C4: DECHET BATTERIE | D4: KG | E4: 36880 | F4: 1.4 | G4: =+E4*F4 -> 51632 | H4: =+G4*0.18 -> 9293.76 | I4: =(G4+H4)*1% -> 609.2576 | J4: =+H4+G4+I4 -> 61535.018 | K4: TRT | M4: SNA | N4: 61018.027 | O4: 42962 | P4: STB MEG | Q4: SOTRAM | R4: SNA
B5: 42908 | C5: DECHET BATTERIE | D5: KG | E5: 37660 | F5: 1.4 | G5: =+E5*F5 -> 52724 | H5: =+G5*0.18 -> 9490.32 | I5: =(G5+H5)*1% -> 622.1432 | J5: =+H5+G5+I5 -> 62836.463 | K5: CHQ | L5: 689 | M5: SNA | N5: =J5+0.5 -> 62836.963 | O5: 42930 | P5: STB MEG | Q5: SOTRAM | R5: SNA
B6: 42933 | C6: DECHET BATTERIE | D6: KG | E6: 37460 | F6: 1.4 | G6: =+E6*F6 -> 52444 | H6: =+G6*0.18 -> 9439.92 | I6: =(G6+H6)*1% -> 618.8392 | J6: =+H6+G6+I6 -> 62502.759 | K6: CHQ | L6: 748 | M6: SNA | N6: =J6+0.5 -> 62503.259 | O6: 42942 | P6: STB MEG | Q6: SOTRAM | R6: SNA
B7: 42950 | C7: DECHET BATTERIE | D7: KG | E7: 37400 | F7: 1.4 | G7: =+E7*F7 -> 52360 | H7: =+G7*0.18 -> 9424.8 | I7: =(G7+H7)*1% -> 617.848 | J7: =+H7+G7+I7 -> 62402.648 | K7: CHQ | L7: 814 | M7: SNA | N7: =J7+0.5 -> 62403.148 | O7: 42964 | P7: STB MEG | Q7: SOTRAM | R7: SNA
B8: 42963 | C8: DECHET BATTERIE | D8: KG | E8: 36600 | F8: 1.4 | G8: =+E8*F8 -> 51240 | H8: =+G8*0.18 -> 9223.2 | I8: =(G8+H8)*1% -> 604.632 | J8: =+H8+G8+I8 -> 61067.832 | K8: CHQ | L8: 869 | M8: SNA | N8: =J8+0.5 -> 61068.332 | O8: 42972 | P8: STB MEG | Q8: SOTRAM | R8: SNA
B9: 42968 | C9: DECHET BATTERIE | D9: KG | E9: 36100 | F9: 1.4 | G9: =+E9*F9 -> 50540 | H9: =+G9*0.18 -> 9097.2 | I9: =(G9+H9)*1% -> 596.372 | J9: =+H9+G9+I9 -> 60233.572 | K9: CHQ | L9: 889 | M9: SNA | N9: =J9+0.5 -> 60234.072 | O9: 42985 | P9: STB MEG | Q9: SOTRAM | R9: SNA
B10: 42976 | C10: DECHET BATTERIE | D10: KG | E10: 37960 | F10: 1.4 | G10: =+E10*F10 -> 53144 | H10: =+G10*0.18 -> 9565.92 | I10: =(G10+H10)*1% -> 627.0992 | J10: =+H10+G10+I10 -> 63337.019 | K10: CHQ | L10: 922 | M10: SNA | N10: =J10+0.5 -> 63337.519 | O10: 42990 | P10: STB MEG | Q10: SOTRAM | R10: SNA
B11: 42989 | C11: DECHET BATTERIE | D11: KG | E11: 37520 | F11: 1.4 | G11: =+E11*F11 -> 52528 | H11: =+G11*0.18 -> 9455.04 | I11: =(G11+H11)*1% -> 619.8304 | J11: =+H11+G11+I11 -> 62602.87 | K11: CHQ | L11: 966 | M11: SNA | N11: =J11+0.5 -> 62603.37 | O11: 43000 | P11: STB MEG | Q11: SOTRAM | R11: SNA
B12: 42993 | C12: DECHET BATTERIE | D12: KG | E12: 34260 | F12: 1.4 | G12: =+E12*F12 -> 47964 | H12: =+G12*0.18 -> 8633.52 | I12: =(G12+H12)*1% -> 565.9752 | J12: =+H12+G12+I12 -> 57163.495 | K12: CHQ | L12: 978 | M12: SNA | N12: =J12+J13+0.5 -> 122136.16 | O12: 43004 | P12: STB MEG | Q12: SOTRAM | R12: SNA
B13: 42996 | C13: DECHET BATTERIE | D13: KG | E13: 38940 | F13: 1.4 | G13: =+E13*F13 -> 54516 | H13: =+G13*0.18 -> 9812.88 | I13: =(G13+H13)*1% -> 643.2888 | J13: =+H13+G13+I13 -> 64972.169
B14: 43003 | C14: DECHET BATTERIE | D14: KG | E14: 37400 | F14: 1.4 | G14: =+E14*F14 -> 52360 | H14: =+G14*0.18 -> 9424.8 | I14: =(G14+H14)*1% -> 617.848 | J14: =+H14+G14+I14 -> 62402.648 | K14: CHQ | L14: 992 | M14: SNA | N14: =J14+0.5 -> 62403.148 | O14: 43013 | P14: STB MEG | Q14: SOTRAM | R14: SNA
B15: 43006 | C15: DECHET BATTERIE | D15: KG | E15: 38120 | F15: 1.4 | G15: =+E15*F15 -> 53368 | H15: =+G15*0.18 -> 9606.24 | I15: =(G15+H15)*1% -> 629.7424 | J15: =+H15+G15+I15 -> 63603.982 | K15: CHQ | L15: 1070 | M15: SNA | N15: =J15+0.5 -> 63604.482 | O15: 43019 | P15: STB MEG | Q15: SOTRAM | R15: SNA
B16: 43012 | C16: DECHET BATTERIE | D16: KG | E16: 29000 | F16: 1.4 | G16: =+E16*F16 -> 40600 | H16: =+G16*0.18 -> 7308 | I16: =(G16+H16)*1% -> 479.08 | J16: =+H16+G16+I16 -> 48387.08 | K16: CHQ | L16: 1072 | M16: SNA | N16: =J16+0.5 -> 48387.58 | O16: 43019 | P16: STB MEG | Q16: SOTRAM | R16: SNA
B17: 43017 | C17: DECHET BATTERIE | D17: KG | E17: 36280 | F17: 1.4 | G17: =+E17*F17 -> 50792 | H17: =+G17*0.18 -> 9142.56 | I17: =(G17+H17)*1% -> 599.3456 | J17: =+H17+G17+I17 -> 60533.906 | K17: CHQ | L17: 1091 | M17: SNA | N17: =J17+0.5 -> 60534.406 | O17: 43032 | P17: STB MEG | Q17: SOTRAM | R17: SNA
B18: 43028 | C18: DECHET BATTERIE | D18: KG | E18: 38340 | F18: 1.4 | G18: =+E18*F18 -> 53676 | H18: =+G18*0.18 -> 9661.68 | I18: =(G18+H18)*1% -> 633.3768 | J18: =+H18+G18+I18 -> 63971.057 | K18: CHQ | L18: 1153 | M18: SNA | N18: =+J18+0.5 -> 63971.557 | O18: 43045 | P18: STB MEG | Q18: SOTRAM | R18: SNA
B19: 43033 | C19: DECHET BATTERIE | D19: KG | E19: 37200 | F19: 1.4 | G19: =+E19*F19 -> 52080 | H19: =+G19*0.18 -> 9374.4 | I19: =(G19+H19)*1% -> 614.544 | J19: =+H19+G19+I19 -> 62068.944 | K19: CHQ | L19: 1162 | M19: SNA | N19: 62068.944 | O19: 43054 | P19: STB MEG | Q19: SOTRAM | R19: SNA
B20: 43040 | C20: DECHET BATTERIE | D20: KG | E20: 36780 | F20: 1.4 | G20: =+E20*F20 -> 51492 | H20: =+G20*0.18 -> 9268.56 | I20: =(G20+H20)*1% -> 607.6056 | J20: =+H20+G20+I20 -> 61368.166 | K20: CHQ | L20: 1265 | M20: SNA | N20: 61368.166 | O20: 43077 | P20: STB MEG | Q20: SOTRAM | R20: SNA
B21: 43047 | C21: DECHET BATTERIE | D21: KG | E21: 32400 | F21: 1.4 | G21: =+E21*F21 -> 45360 | H21: =+G21*0.18 -> 8164.8 | I21: =(G21+H21)*1% -> 535.248 | J21: =+H21+G21+I21 -> 54060.048 | K21: CHQ | L21: 1264 | M21: SNA | N21: 54060.548 | O21: 43066 | P21: STB MEG | Q21: SOTRAM | R21: SNA
B22: 43054 | C22: DECHET BATTERIE | D22: KG | E22: 38780 | F22: 1.4 | G22: =+E22*F22 -> 54292 | H22: =+G22*0.18 -> 9772.56 | I22: =(G22+H22)*1% -> 640.6456 | J22: =+H22+G22+I22 -> 64705.206 | K22: CHQ | L22: 1263 | M22: SNA | N22: 64705.705 | O22: 43061 | P22: STB MEG | Q22: SOTRAM | R22: SNA
B23: 43068 | C23: DECHET BATTERIE | D23: KG | E23: 37720 | F23: 1.45 | G23: =+E23*F23 -> 54694 | H23: =+G23*0.18 -> 9844.92 | I23: =(G23+H23)*1% -> 645.3892 | J23: =+H23+G23+I23 -> 65184.309 | K23: CHQ | L23: 1359 | M23: SNA | N23: 65184.309 | O23: 43089 | P23: STB MEG | Q23: SOTRAM | R23: SNA
B24: 43076 | C24: DECHET BATTERIE | D24: KG | E24: 38200 | F24: 1.45 | G24: =+E24*F24 -> 55390 | H24: =+G24*0.18 -> 9970.2 | I24: =(G24+H24)*1% -> 653.602 | J24: =+H24+G24+I24 -> 66013.802 | K24: CHQ | L24: 1358 | M24: SNA | N24: 66013.802 | O24: 43087 | P24: STB MEG | Q24: SOTRAM | R24: SNA
B25: 43459 | C25: DECHET BATTERIE | D25: KG | E25: 34360 | F25: 1.45 | G25: =+E25*F25 -> 49822 | H25: =+G25*0.18 -> 8967.96 | I25: =(G25+H25)*1% -> 587.8996 | J25: =+H25+G25+I25 -> 59377.86 | K25: CHQ | L25: 1434 | M25: SNA | N25: 59377.86 | O25: 43108 | P25: STB MEG | Q25: SOTRAM | R25: SNA
B26: 43108 | C26: DECHET BATTERIE | D26: KG | E26: 38660 | F26: 1.5 | G26: =+E26*F26 -> 57990 | H26: =+G26*0.19 -> 11018.1 | I26: =(G26+H26)*1% -> 690.081 | J26: =+H26+G26+I26+0.6 -> 69698.781
J28: =J26*0.985 -> 68653.299
J30: 66364.876
J31: =J30-J28 -> -2288.4233

Sheet HAZEM
B1: Date de Liv | C1: Desc Art | D1: UN | E1: Qté Liv / STA NOUR | F1: Px UN / TND | G1: Px Tot / TND | H1: TVA 18% | I1: Tot. TTC | J1: Mode de Paiement | K1: Réf. Pièce de Règ | L1: Société | M1: Montant | N1: Échéance | O1: Banque | P1: FACTURE | Q1: STE
B2: 43007 | C2: DECHET BATTERIE | D2: kg | E2: 33960 | F2: 1.4 | G2: =E2*F2 -> 47544 | H2: =G2*0.18 -> 8557.92 | I2: =H2+G2 -> 56101.92 | J2: CHQ | K2: 4172 | L2: STA | M2: 56102.42 | N2: 43019 | O2: STB MEG | P2: SMS | Q2: STA
B3: 43011 | C3: DECHET BATTERIE | D3: kg | E3: 32880 | F3: 1.4 | G3: =E3*F3 -> 46032 | H3: =G3*0.18 -> 8285.76 | I3: =H3+G3 -> 54317.76 | J3: CHQ | K3: 4192 | L3: STA | M3: 54318.26 | N3: 43025 | O3: STB MEG | P3: SMS | Q3: STA
B4: 43017 | C4: DECHET BATTERIE | D4: kg | E4: 26280 | F4: 1.4 | G4: =E4*F4 -> 36792 | H4: =G4*0.18 -> 6622.56 | I4: =H4+G4 -> 43414.56 | J4: CHQ | K4: 4213 | L4: STA | M4: 43415.06 | N4: 43031 | O4: STB MEG | P4: SMS | Q4: STA
B5: 43019 | C5: DECHET BATTERIE | D5: kg | E5: 36890 | F5: 1.4 | G5: =E5*F5 -> 51646 | H5: =G5*0.18 -> 9296.28 | I5: =H5+G5 -> 60942.28 | J5: CHQ | K5: 1105 | L5: SNA | M5: 60942.78 | N5: 43033 | O5: STB MEG | P5: SMS | Q5: SNA
B6: 43024 | C6: DECHET BATTERIE | D6: kg | E6: 32460 | F6: 1.4 | G6: =E6*F6 -> 45444 | H6: =G6*0.18 -> 8179.92 | I6: =H6+G6 -> 53623.92 | J6: CHQ | K6: 1124 | L6: SNA | M6: 53624.42 | N6: 43048 | O6: STB MEG | P6: SMS | Q6: SNA
B7: 43027 | C7: DECHET BATTERIE | D7: kg | E7: 31480 | F7: 1.4 | G7: =E7*F7 -> 44072 | H7: =G7*0.18 -> 7932.96 | I7: =H7+G7 -> 52004.96 | J7: CHQ | K7: 1118 | L7: SNA | M7: 52005.46 | N7: 43048 | O7: STB MEG | P7: SMS | Q7: SNA
B8: 43031 | C8: DECHET BATTERIE | D8: kg | E8: 28600 | F8: 1.4 | G8: =E8*F8 -> 40040 | H8: =G8*0.18 -> 7207.2 | I8: =H8+G8 -> 47247.2 | J8: CHQ | K8: 1196 | L8: SNA | M8: =+I8+0.5 -> 47247.7 | N8: 43055 | O8: STB MEG | P8: SMS | Q8: SNA
B9: 43039 | C9: DECHET BATTERIE | D9: kg | E9: 32140 | F9: 1.4 | G9: =E9*F9 -> 44996 | H9: =G9*0.18 -> 8099.28 | I9: =H9+G9 -> 53095.28 | J9: CHQ | K9: 1198 | L9: SNA | M9: =+I9 -> 53095.28 | N9: 43073 | O9: STB MEG | P9: SMS | Q9: SNA
B10: 43042 | C10: DECHET BATTERIE | D10: kg | E10: 35680 | F10: 1.4 | G10: =E10*F10 -> 49952 | H10: =G10*0.18 -> 8991.36 | I10: =H10+G10 -> 58943.36 | J10: CHQ | K10: 1197 | L10: SNA | M10: 58943.86 | N10: 43066 | O10: STB MEG | P10: SMS | Q10: SNA
B11: 43045 | C11: DECHET BATTERIE | D11: kg | E11: 32420 | F11: 1.4 | G11: =E11*F11 -> 45388 | H11: =G11*0.18 -> 8169.84 | I11: =H11+G11 -> 53557.84 | J11: CHQ | K11: 1195 | L11: SNA | M11: 53558.34 | N11: 43062 | O11: STB MEG | P11: SMS | Q11: SNA
B12: 43049 | C12: DECHET BATTERIE | D12: kg | E12: 35260 | F12: 1.4 | G12: =E12*F12 -> 49364 | H12: =G12*0.18 -> 8885.52 | I12: =H12+G12 -> 58249.52 | J12: CHQ | K12: 1311 | L12: SNA | M12: 58250.02 | N12: 43076 | O12: STB MEG | P12: SMS | Q12: SNA
B13: 43056 | C13: DECHET BATTERIE | D13: kg | E13: 33980 | F13: 1.4 | G13: =E13*F13 -> 47572 | H13: =G13*0.18 -> 8562.96 | I13: =H13+G13 -> 56134.96 | J13: CHQ | K13: 1312 | L13: SNA | M13: 56135.46 | N13: 43080 | O13: STB MEG | P13: SMS | Q13: SNA
B14: 43076 | C14: DECHET BATTERIE | D14: kg | E14: 34560 | F14: 1.45 | G14: =E14*F14 -> 50112 | H14: =G14*0.18 -> 9020.16 | I14: =H14+G14+0.5 -> 59132.66 | J14: CHQ | K14: 1408 | L14: SNA | M14: 59132.66 | N14: 43094 | O14: STB MEG | P14: SMS | Q14: SNA
B15: 43090 | C15: DECHET BATTERIE | D15: kg | E15: 34160 | F15: 1.45 | G15: =E15*F15 -> 49532 | H15: =G15*0.18 -> 8915.76 | I15: =H15+G15+0.5 -> 58448.26 | J15: CHQ | K15: 1435 | L15: SNA | M15: 58448.26 | O15: STB MEG | P15: SMS | Q15: SNA
B16: 43094 | C16: DECHET BATTERIE | D16: kg | E16: 34280 | F16: 1.45 | G16: =E16*F16 -> 49706 | H16: =G16*0.18 -> 8947.08 | I16: =H16+G16+0.5 -> 58653.58 | J16: CHQ | K16: 1474 | L16: SNA | M16: 58653.58 | O16: STB MEG | P16: SMS | Q16: SNA
B17: 43103 | C17: DECHET BATTERIE | D17: kg | E17: 34440 | F17: 1.5 | G17: =E17*F17 -> 51660 | H17: =G17*0.19 -> 9815.4 | I17: =G17+H17+0.6 -> 61476
B18: 43111 | C18: DECHET BATTERIE | D18: kg | E18: 34920 | F18: 1.5 | G18: =E18*F18 -> 52380 | H18: =G18*0.19 -> 9952.2 | I18: =G18+H18+0.6 -> 62332.8 | J18: 13
B19: 43115 | C19: DECHET BATTERIE | D19: kg | E19: 32600 | F19: 1.55 | G19: =E19*F19 -> 50530 | H19: =G19*0.19 -> 9600.7 | I19: =G19+H19+0.6 -> 60131.3 | J19: 15
B20: 43118 | C20: DECHET BATTERIE | D20: kg | E20: 33800 | F20: 1.55 | G20: =E20*F20 -> 52390 | H20: =G20*0.19 -> 9954.1 | I20: =G20+H20+0.6 -> 62344.7 | J20: 16

Sheet AUTRE FACTURE 
B1: Date de fact | C1: Fournisseur | D1: Desc Art | E1: UN | F1: Qté Facturé | G1: Px UN / TND | H1: Px Tot / TND | I1: TVA 18% | J1: FODEC 1% | K1: Tot. TTC | L1: Mode de Paiement | M1: Réf. Pièce de Règ | N1: Société | O1: Montant | P1: Échéance | Q1: Banque | R1: RECU | S1: DEPENSE
B2: 42914 | C2: SOTRAM | D2: DECHET BATTERIE | E2: kg | F2: 37610 | G2: 1.4 | H2: =G2*F2 -> 52654 | I2: =H2*0.18 -> 9477.72 | J2: =(H2+I2)*1% -> 621.3172 | K2: =J2+I2+H2+0.5 -> 62753.537 | L2: CHQ | M2: 3 | N2: FONDERIE | O2: 62753.537 | P2: 42965 | Q2: STB MEG | R2: =+K2-I2 -> 53275.817 | S2: SOTRAPRO
B3: 42942 | C3: SOTRAM | D3: DECHET BATTERIE | E3: kg | F3: 37570 | G3: 1.4 | H3: =G3*F3 -> 52598 | I3: =H3*0.18 -> 9467.64 | J3: =(H3+I3)*1% -> 620.6564 | K3: =J3+I3+H3+0.5 -> 62686.796 | N3: FONDERIE
B4: 42958 | C4: SOTRAM | D4: DECHET BATTERIE | E4: kg | F4: 35900 | G4: 1.4 | H4: =G4*F4 -> 50260 | I4: =H4*0.18 -> 9046.8 | J4: =(H4+I4)*1% -> 593.068 | K4: =J4+I4+H4+0.5 -> 59900.368 | N4: STA NOUR
B5: 42972 | C5: SOTRAM | D5: DECHET BATTERIE | E5: kg | F5: 37400 | G5: 1.4 | H5: =G5*F5 -> 52360 | I5: =H5*0.18 -> 9424.8 | J5: =(H5+I5)*1% -> 617.848 | K5: =J5+I5+H5+0.5 -> 62403.148 | N5: STA NOUR
B6: 43036 | C6: SOTRAM | D6: DECHET BATTERIE | E6: kg | F6: 38100 | G6: 1.4 | H6: =G6*F6 -> 53340 | I6: =H6*0.18 -> 9601.2 | J6: =(H6+I6)*1% -> 629.412 | K6: =J6+I6+H6+0.5 -> 63571.112 | N6: FONDERIE
B7: 43039 | C7: SOTRAM | D7: DECHET BATTERIE | E7: kg | F7: 36740 | G7: 1.4 | H7: =G7*F7 -> 51436 | I7: =H7*0.18 -> 9258.48 | J7: =(H7+I7)*1% -> 606.9448 | K7: =J7+I7+H7+0.5 -> 61301.925 | N7: FONDERIE
B8: 43095 | C8: SOTRAM | D8: DECHET BATTERIE | E8: kg | F8: 36100 | G8: 1.45 | H8: =G8*F8 -> 52345 | I8: =H8*0.18 -> 9422.1 | J8: =(H8+I8)*1% -> 617.671 | K8: =J8+I8+H8+0.5 -> 62385.271 | N8: FONDERIE
B9: 43463 | C9: SOTRAM | D9: DECHET BATTERIE | E9: kg | F9: 34540 | G9: 1.45 | H9: =G9*F9 -> 50083 | I9: =H9*0.18 -> 9014.94 | J9: =(H9+I9)*1% -> 590.9794 | K9: =J9+I9+H9+0.5 -> 59689.419 | N9: FONDERIE
B10: 43054 | C10: DECHET BATTERIE | D10: KG | F10: 33600 | G10: 1.45 | H10: =+F10*G10 -> 48720 | I10: =+H10*0.18 -> 8769.6 | J10: 0 | K10: =+I10+H10+0.5 -> 57490.1 | L10: L10192 | N10: FONDERIE
B11: 43068 | C11: DECHET BATTERIE | D11: KG | F11: 32800 | G11: 1.45 | H11: =+F11*G11 -> 47560 | I11: =+H11*0.18 -> 8560.8 | J11: 0 | K11: =+I11+H11+0.5 -> 56121.3 | L11: L10192 | N11: FONDERIE

Sheet Feuil1
A2: SOTRAPRO
A3: DECOMPTE N° 1 | B3: 82353.309
A4: DECOMPTE N° 2 | B4: 160892.14
A5: DECOMPTE N° 3 | B5: 123466.41
A6: DECOMPTE N° 4 | B6: 71700.871
A7: DECOMPTE N° 5 | B7: 66202.449
A8: DECOMPTE N° 6 | B8: 71065.41
A9: TOTAL | B9: =SUM(B3:B8) -> 575680.59
A10: RETENUE DE GARANTIE | B10: =+B9*0.1 -> 57568.059
A11: RELIQUAT | B11: =+B9-B10 -> 518112.53
A13: PAIEMENT RECU
A14: 42828 | B14: CHQ 22 | C14: ALPHA MEDIA | D14: 49250 | E14: =+D14/0.985 -> 50000
A15: 42947 | B15: CHQ 23 | C15: ALPHA MEDIA | D15: 32447.45 | E15: =+D15/0.985 -> 32941.574
A16: 42971 | B16: CHQ 754 | C16: FETHI GHALI | D16: 45000 | E16: =+D16/0.985 -> 45685.279
A17: 42972 | B17: ESPECE | C17: FETHI GHALI | D17: 54000 | E17: =+D17/0.985 -> 54822.335
A18: 43004 | B18: CHQ 776 | C18: FETHI GHALI | D18: 32450 | E18: =+D18/0.985 -> 32944.162
A19: 43034 | B19: CHQ 24 | C19: ALPHA MEDIA | D19: 39400 | E19: 40000
A20: 43073 | B20: CHQ 30 | C20: ALPHA MEDIA | D20: 68950 | E20: =+D20/0.985 -> 70000
A21: 43111 | B21: CHQ 33 | C21: ALPHA MEDIA | D21: 39400 | E21: 40000
A22: 43210 | B22: CHQ 34 | C22: ALPHA MEDIA | D22: 59100 | E22: =+D22/0.985 -> 60000
A23: 43280 | B23: CHQ 35 | C23: ALPHA MEDIA | D23: 29500 | E23: =+D23/0.985 -> 29949.239
A24: TOTAL PAIEMENT | D24: =SUM(D14:D23) -> 449497.45 | E24: =SUM(E14:E23) -> 456342.59
A26: RESTE A PAYER | E26: =+B11-E24 -> 61769.939

Sheet Feuil2
A2: FT170001 | B2: 42766 | C2: 424800.5 | F2: 50000 | I2: 100000
A3: FT170002 | B3: 42822 | F3: 10000 | I3: 100000
A4: FT170003 | B4: 42849 | F4: 10000 | I4: 50000
A5: FT170004 | B5: 43019 | C5: 95934.5 | F5: 40000 | I5: 20000
A6: FT170005 | B6: 43028 | C6: 63248.5 | F6: 20000 | I6: 20000
A7: TOTAL | C7: =SUM(C2:C6) -> 583983.5 | F7: 100000 | I7: 50000
F8: 10000 | I8: 40000
F9: 10000 | I9: 50000
F10: 50000 | I10: 10000
F11: 20000 | I11: 50000
F12: 50000 | I12: 100000
F13: 50000
F14: 20000
F15: 20000
F16: 50000
F17: 100000
F18: 100000
F19: 100000
F20: =SUM(F2:F19) -> 810000 | I20: =SUM(I2:I19) -> 590000
F21: =F20-C7 -> 226016.5

Sheet Feuil3
A1: STA NOUR | F1: SNA | K1: TIP | P1: FG
A3: DEBIT | C3: CREDIT | F3: DEBIT | H3: CREDIT | K3: DEBIT | M3: CREDIT | P3: DEBIT | R3: CREDIT
A4: F HNAYA | B4: =+N43 -> 386509.41 | F4: PHENICIA | G4: 200000 | H4: ITN | I4: 9500 | M4: SNA | N4: =+G6 -> 800000 | P4: ITN | Q4: =+N27 -> 1874.404 | R4: UTCI | S4: =+G26 -> 0
M5: SNA | N5: =+G8 -> 118562.5 | P5: TIB | Q5: =+D28 -> 0 | R5: UTCI | S5: =+G28 -> 0
F6: TIP | G6: 800000 | H6: NHB | I6: 30000 | R6: ALPHA MEDIA | S6: =+B42 -> 131450
K7: STA | L7: =+D15 -> 88551.9 | R7: STA | S7: =+B6 -> 0
A8: TIB | B8: 438030.34 | F8: TIP | G8: =178562.5-60000 -> 118562.5 | R8: DIV ITN | S8: =+L28 -> 186.667
A9: DIV UTCI | B9: =983740-235000 -> 748740 | F9: ITN | G9: 286625.6 | H9: TIB | I9: 53265.613 | R9: DIV TIB | S9: =+B27 -> 211465.3
R10: DIV TIB | S10: =+B29 -> 78781.189
F11: PHENICIA | G11: 17537.897
F12: DIV STA | G12: 1053000 | H12: NHB | I12: 29500 | R12: DIV STA | S12: =+B10+B12+B13+B14+B15 -> 0
F13: DIV FG | G13: 716490.9 | R13: DIV SNA | S13: =+G13+G14+G15+G16 -> 717300.9
F14: DIV YOSRI | G14: 270
C15: TIP | D15: 88551.9 | F15: DIV HAITHEM | G15: 270
C16: ALPHA | D16: 11683 | F16: DIV YASMINE | G16: 270
C17: DIV ITN | D17: =+L27 -> 278813.33 | F17: DIV TIB | G17: 2700
C18: DIV TIB | D18: =+B28 -> 124391.35 | F18: DIV CIL | G18: 199800
C19: DIV SNA | D19: =+G12 -> 1053000 | F19: DIV SICAR | G19: 673199.1
F20: DIV PHENICIA | G20: 54000
B21: =SUM(B4:B15) -> 1573279.7 | D21: =SUM(D4:D19) -> 1556439.6 | G21: =SUM(G4:G20) -> 4122726 | I21: =SUM(I4:I19) -> 122265.61 | L21: =SUM(L4:L8) -> 88551.9 | N21: =SUM(N4:N10) -> 918562.5 | Q21: =SUM(Q4:Q8) -> 1874.404 | S21: =SUM(S4:S10) -> 421883.15
A23: TIB | F23: U T C I | K23: I T N | P23: NHB
A25: DEBIT | C25: CREDIT | F25: DEBIT | H25: CREDIT | K25: DEBIT | M25: CREDIT | P25: DEBIT | R25: CREDIT
A26: SNA | C26: STA | D26: =+B8 -> 438030.34 | H26: DIV STA | I26: =+B9 -> 748740 | K26: SNA | L26: =+I4 -> 9500 | M26: SNA | N26: =+G9 -> 286625.6 | P26: F HNAYA | Q26: =+N42 -> 113133 | R26: CAPITAL | S26: 200000
A27: DIV FG | B27: 211465.3 | C27: DIV SNA | F27: PHENICIA | G27: 250000 | K27: DIV STA | L27: 278813.33 | M27: CCA | N27: 1874.404 | P27: SNA | Q27: =+I6 -> 30000
A28: DIV STA | B28: 124391.35 | C28: CCA | K28: DIV FG | L28: 186.667 | P28: SNA | Q28: =+I12 -> 29500
A29: DIV TUNICOM | B29: 78781.189 | F29: PHENICIA | G29: 40109.589
B35: =SUM(B26:B30) -> 414637.84 | D35: =SUM(D26:D30) -> 438030.34 | G35: =SUM(G26:G30) -> 290109.59 | I35: =SUM(I26:I32) -> 748740 | L35: =SUM(L26:L30) -> 288500 | N35: =SUM(N26:N32) -> 288500 | Q35: =SUM(Q26:Q30) -> 172633 | S35: =SUM(S26:S32) -> 200000
A38: ALPHA MEDIA | F38: PHENCIA | K38: F HNAYA | P38: I Z
A40: DEBIT | C40: CREDIT | F40: DEBIT | H40: CREDIT | K40: DEBIT | M40: CREDIT | P40: DEBIT | R40: CREDIT
A41: PHENICIA | B41: 180000 | C41: CAPITAL | D41: 300000 | F41: STA | G41: =+D13 -> 0 | H41: UTCI | I41: =+G27 -> 250000 | K41: SNA | L41: =+I10 -> 0 | M41: I Z | N41: 40000 | P41: FONDERIE | Q41: =+N41 -> 40000
A42: F G | B42: 131450 | H42: ALPHA MEDIA | I42: =+B41 -> 180000 | K42: STA | L42: =+D12 -> 0 | M42: NHB | N42: 113133
A43: STA | B43: =+D16 -> 11683 | H43: SNA | I43: =+G4 -> 200000 | K43: SOTRAM | L43: =+'AUTRE FACTURE '!K3+'AUTRE FACTURE '!K6+'AUTRE FACTURE '!K7 -> 187559.83 | M43: STA | N43: 386509.41
A44: PHENICIA | B44: 9950.683 | H44: DIV SNA | I44: =+G20 -> 54000
H45: UTCI | I45: =+G29 -> 40109.589
H46: ALPHA MEDIA | I46: =+B44 -> 9950.683
H47: SNA | I47: =G11 -> 17537.897
B50: =SUM(B41:B42) -> 311450 | D50: =SUM(D41:D44) -> 300000 | G50: =SUM(G41:G45) -> 0 | I50: =SUM(I41:I47) -> 751598.17 | L50: =SUM(L41:L43) -> 187559.83 | N50: =SUM(N41:N43) -> 539642.41 | Q50: =SUM(Q41:Q45) -> 40000 | S50: =SUM(S41:S47) -> 0

Sheet Feuil4
D2: QUANTITE | E2: PU | F2: MONTANT HT | G2: TVA | H2: MONTANT TTC | I2: STE | J2: FOURNISSEUR
A3: 42986 | B3: DECHET BATTERIE | C3: KG | D3: 30440 | E3: 1.4 | F3: =+D3*E3 -> 42616 | G3: =+F3*0.18 -> 7670.88 | H3: =+G3+F3 -> 50286.88 | I3: SNA | J3: L10190
A4: 42998 | B4: DECHET BATTERIE | C4: KG | D4: 25980 | E4: 1.4 | F4: =+D4*E4 -> 36372 | G4: =+F4*0.18 -> 6546.96 | H4: =+G4+F4 -> 42918.96
A5: 43003 | B5: DECHET BATTERIE | C5: KG | D5: 41100 | E5: 1.4 | F5: =+D5*E5 -> 57540 | G5: =+F5*0.18 -> 10357.2 | H5: =+G5+F5 -> 67897.2
A6: 43006 | B6: DECHET BATTERIE | C6: KG | D6: 16670 | E6: 1.4 | F6: =+D6*E6 -> 23338 | G6: =+F6*0.18 -> 4200.84 | H6: =+G6+F6 -> 27538.84
A7: 43006 | B7: DECHET BATTERIE | C7: KG | D7: 16192 | E7: 1.4 | F7: =+D7*E7 -> 22668.8 | G7: =+F7*0.18 -> 4080.384 | H7: =+G7+F7 -> 26749.184
D8: =SUM(D3:D7) -> 130382 | F8: =SUM(F3:F7) -> 182534.8 | G8: =+F8*0.18 -> 32856.264 | H8: =+G8+F8+0.5 -> 215391.56
A10: 43049 | B10: COUPEAU DE FER | C10: KG | D10: 3500 | E10: 0.3 | F10: =+D10*E10 -> 1050 | G10: =+F10*0.18 -> 189 | H10: =+G10+F10 -> 1239 | I10: SNA | J10: L10190
A11: 43055 | B11: COUPEAU DE FER | C11: KG | D11: 13320 | E11: 0.3 | F11: =+D11*E11 -> 3996 | G11: =+F11*0.18 -> 719.28 | H11: =+G11+F11 -> 4715.28
D12: =SUM(D10:D11) -> 16820 | F12: =SUM(F10:F11) -> 5046 | G12: =SUM(G10:G11) -> 908.28 | H12: =SUM(H10:H11)+0.5 -> 5954.78
A14: 43024 | B14: DECHET BATTERIE | C14: KG | D14: 40940 | E14: 1.4 | F14: =+D14*E14 -> 57316 | G14: =+F14*0.18 -> 10316.88 | H14: =+G14+F14 -> 67632.88 | I14: SNA | J14: L10192
A15: 43031 | B15: DECHET BATTERIE | C15: KG | D15: 11391 | E15: 1.4 | F15: =+D15*E15 -> 15947.4 | G15: =+F15*0.18 -> 2870.532 | H15: =+G15+F15 -> 18817.932
A16: 43038 | B16: DECHET BATTERIE | C16: KG | D16: 41120 | E16: 1.4 | F16: =+D16*E16 -> 57568 | G16: =+F16*0.18 -> 10362.24 | H16: =+G16+F16 -> 67930.24
A17: 43039 | B17: DECHET BATTERIE | C17: KG | D17: 6073 | E17: 1.4 | F17: =+D17*E17 -> 8502.2 | G17: =+F17*0.18 -> 1530.396 | H17: =+G17+F17 -> 10032.596
D18: =SUM(D14:D17) -> 99524 | F18: =SUM(F14:F17) -> 139333.6 | G18: =SUM(G14:G17) -> 25080.048 | H18: =SUM(H14:H17)+0.5 -> 164414.15
A20: 43045 | B20: DECHET BATTERIE | C20: KG | D20: 18422 | E20: 1.4 | F20: =+D20*E20 -> 25790.8 | G20: =+F20*0.18 -> 4642.344 | H20: =+G20+F20 -> 30433.144 | I20: SNA | J20: L10192
A21: 43056 | B21: DECHET BATTERIE | C21: KG | D21: 41320 | E21: 1.4 | F21: =+D21*E21 -> 57848 | G21: =+F21*0.18 -> 10412.64 | H21: =+G21+F21 -> 68260.64
A22: 43059 | B22: DECHET BATTERIE | C22: KG | D22: 34280 | E22: 1.45 | F22: =+D22*E22 -> 49706 | G22: =+F22*0.18 -> 8947.08 | H22: =+G22+F22 -> 58653.08
D23: =SUM(D20:D22) -> 94022 | F23: =SUM(F20:F22) -> 133344.8 | G23: =SUM(G20:G22) -> 24002.064 | H23: =SUM(H20:H22)+0.5 -> 157347.36
A25: 43054 | B25: INOX | C25: KG | D25: 400 | E25: 4 | F25: =+D25*E25 -> 1600 | G25: =+F25*0.18 -> 288 | H25: =+G25+F25 -> 1888 | I25: TIP | J25: L10190
D26: =SUM(D25) -> 400 | F26: =SUM(F25) -> 1600 | G26: =SUM(G25) -> 288 | H26: =SUM(H25)+0.5 -> 1888.5
A28: 43003 | B28: VIEUX PLOMB | C28: KG | D28: 6570 | E28: 4.2 | F28: =+D28*E28 -> 27594 | G28: =+F28*0.18 -> 4966.92 | H28: =+F28+G28 -> 32560.92 | I28: SNA | J28: L10190
A29: 43006 | B29: VIEUX PLOMB | C29: KG | D29: 6113 | E29: 4.2 | F29: =+D29*E29 -> 25674.6 | G29: =+F29*0.18 -> 4621.428 | H29: =+F29+G29 -> 30296.028
D30: =SUM(D28:D29) -> 12683 | F30: =SUM(F28:F29) -> 53268.6 | G30: =SUM(G28:G29) -> 9588.348 | H30: =SUM(H28:H29)+0.5 -> 62857.448
A32: 43010 | B32: VIEUX PLOMB | C32: KG | D32: 2661 | E32: 4.4 | F32: =+D32*E32 -> 11708.4 | G32: =+F32*0.18 -> 2107.512 | H32: =+F32+G32 -> 13815.912 | I32: SNA | J32: L10192
A33: 43021 | B33: VIEUX PLOMB | C33: KG | D33: 6100 | E33: 4.4 | F33: =+D33*E33 -> 26840 | G33: =+F33*0.18 -> 4831.2 | H33: =+F33+G33 -> 31671.2
A34: 43026 | B34: VIEUX PLOMB | C34: KG | D34: 3964 | E34: 4.4 | F34: =+D34*E34 -> 17441.6 | G34: =+F34*0.18 -> 3139.488 | H34: =+F34+G34 -> 20581.088
A35: 43027 | B35: VIEUX PLOMB | C35: KG | D35: 3876 | E35: 4.4 | F35: =+D35*E35 -> 17054.4 | G35: =+F35*0.18 -> 3069.792 | H35: =+F35+G35 -> 20124.192
A36: 43031 | B36: VIEUX PLOMB | C36: KG | D36: 4967 | E36: 4.4 | F36: =+D36*E36 -> 21854.8 | G36: =+F36*0.18 -> 3933.864 | H36: =+F36+G36 -> 25788.664
A37: 43039 | B37: VIEUX PLOMB | C37: KG | D37: 2714 | E37: 4.4 | F37: =+D37*E37 -> 11941.6 | G37: =+F37*0.18 -> 2149.488 | H37: =+F37+G37 -> 14091.088
D38: =SUM(D32:D37) -> 24282 | F38: =SUM(F32:F37) -> 106840.8 | G38: =SUM(G32:G37) -> 19231.344 | H38: =SUM(H32:H37)+0.5 -> 126072.64
A40: 43052 | B40: VIEUX PLOMB | C40: KG | D40: 4924 | E40: 4.4 | F40: =+D40*E40 -> 21665.6 | G40: =+F40*0.18 -> 3899.808 | H40: =+G40+F40 -> 25565.408 | I40: SNA | J40: L10190
A41: 43054 | B41: VIEUX PLOMB | C41: KG | D41: 2850 | E41: 4.4 | F41: =+D41*E41 -> 12540 | G41: =+F41*0.18 -> 2257.2 | H41: =+G41+F41 -> 14797.2
D42: =SUM(D40:D41) -> 7774 | F42: =SUM(F40:F41) -> 34205.6 | G42: =SUM(G40:G41) -> 6157.008 | H42: =SUM(H40:H41)+0.5 -> 40363.108

Sheet Feuil6
A4: RETRAIT | C4: DEPENSE
A5: SNA | B5: 32000 | C5: PRIME SNA | D5: =3850+25800 -> 29650 | F5: =32000-25800 -> 6200
A6: STA (Abdelbeki) | B6: 20000 | C6: PRIME STA | D6: =2900+16800 -> 19700 | F6: =20000-16800 -> 3200
A7: HAZEM (REG FACT) | B7: 1488.35 | C7: MOTIVATION DOUANE | D7: =40+70+40 -> 150
A8: sotram | B8: 53275 | C8: SOTRAPRO | D8: 54000
A9: EZZEDDINE MELLITI | B9: 1093.965 | C9: FOUED | D9: =3000+400+367.719 -> 3767.719
A10: CAISSE ACHAT | B10: 1000 | C10: CHAOUKI BEN ATTIA | D10: =33370+40 -> 33410
A11: kt fonderie | B11: 55279.481 | C11: KAOLA | D11: 13500
A12: KAMEL BEN MAATOUG | B12: 130 | C12: SONEDE FG | D12: =12+78.8 -> 90.8
A13: BILLET FG +AKKARI | B13: 1100 | C13: TELECOM FG | D13: 75
A14: FG(FOUED) | B14: 3000 | C14: CAISSE FG | D14: 10300
C15: CAISSE ACHAT | D15: 1000
C16: DOUANE | D16: 112.486
C17: ALI ZOUBIK | D17: 400
C18: MOTIVATION | D18: 715
C19: CAISSE EN ATTENDE | D19: 630.9
C20: FRAIS HEBERGEMENT | D20: 100
B22: =SUM(B5:B15) -> 168366.8 | D22: =SUM(D5:D20) -> 167601.9
D23: =+B22-D22 -> 764.891

Sheet Feuil5
A1: STA NOUR | F1: SNA | K1: TIP | P1: FG
A3: DEBIT | C3: CREDIT | F3: DEBIT | H3: CREDIT | K3: DEBIT | M3: CREDIT | P3: DEBIT | R3: CREDIT
A4: FG | B4: 157194.58 | C4: IZ | D4: 53500 | F4: STA | G4: =+D8 -> 34428.323 | H4: STA | I4: =+B6 -> 130075.52 | K4: SNA | L4: =+I6 -> 43606.078 | M4: SNA | N4: =+G7 -> 70000 | P4: IZ TUNICOM | Q4: 156386.7 | R4: STA CCA | S4: =+B4 -> 157194.58
A5: DIV UTCI | B5: =+I23 -> 235000 | C5: IZ | D5: 57600.56 | F5: STA | G5: =+D9 -> 201210.58 | H5: STA | I5: =+B7 -> 45911.106 | K5: SNA | L5: =+I7 -> 14302.6 | P5: =+C7 -> FG AVANCE/ACT° | Q5: 235000 | R5: UTCI | S5: =+G23 -> 233285.24
A6: SNA | B6: 130075.52 | C6: IZ | D6: =+Q41 -> 34208.045 | F6: STA | G6: =+D10 -> 12851.075 | H6: TIP | I6: 43606.078 | K6: STA | L6: =+D13 -> 364.216 | M6: STA | N6: =+B8 -> 292.35 | R6: STA DIV | S6: =+B9 -> 15873.333
A7: SNA | B7: 45911.106 | C7: FG AVANCE/ACT° | D7: =+Q5 -> 235000 | F7: TIP | G7: 70000 | H7: TIP | I7: 14302.6
A8: TIP | B8: 292.35 | C8: SNA | D8: 34428.323 | F8: STA DIV | G8: 53000 | H8: F HNAYA | I8: =21240*0.85 -> 18054
A9: DIV FG | B9: 15873.333 | C9: SNA | D9: 201210.58
A10: DIV YASMINE | B10: 66.667 | C10: SNA | D10: 12851.075
A11: DIC SARRA | B11: 66.667 | C11: F HNAYA | D11: 8001.995
A12: DIV YOSRI | B12: 133.333 | C12: SND | D12: 8440.302
A13: DIV HAITHEM | B13: 66.667 | C13: TIP | D13: 364.216
C14: FG/ACCOR | D14: 315
C15: PHENICIA | D15: 478.252
C16: SND DIV | D16: 74992.5
C17: SNA | D17: 53000
B18: =SUM(B4:B16) -> 584680.22 | D18: =SUM(D4:D17) -> 774390.85 | G18: =SUM(G4:G17) -> 371489.98 | I18: =SUM(I4:I16) -> 251949.3 | L18: =SUM(L4:L8) -> 58272.894 | N18: =SUM(N4:N10) -> 70292.35 | Q18: =SUM(Q4:Q8) -> 391386.7 | S18: =SUM(S4:S10) -> 406353.15
D19: =+D18-B18 -> 189710.63
A20: TIB | F20: U T C I | K20: I T N | P20: NHB
A22: DEBIT | C22: CREDIT | F22: DEBIT | H22: CREDIT | K22: DEBIT | M22: CREDIT | P22: DEBIT | R22: CREDIT
F23: F G | G23: 233285.24 | H23: DIV STA | I23: 235000
B32: =SUM(B23:B27) -> 0 | D32: =SUM(D23:D27) -> 0 | G32: =SUM(G23:G27) -> 233285.24 | I32: =SUM(I23:I29) -> 235000 | L32: =SUM(L23:L27) -> 0 | N32: =SUM(N23:N29) -> 0 | Q32: =SUM(Q23:Q27) -> 0 | S32: =SUM(S23:S29) -> 0
A35: ALPHA MEDIA | F35: PHENCIA | K35: F HNAYA | P35: I Z
A37: DEBIT | C37: CREDIT | F37: DEBIT | H37: CREDIT | K37: DEBIT | M37: CREDIT | P37: DEBIT | R37: CREDIT
F38: CAPITAL ALPHA | G38: =+D38 -> 0 | H38: UTCI | I38: =+G24 -> 0 | R38: TUNICOM /FG | S38: =+Q4 -> 156386.7
H39: UTCI | I39: =+G26 -> 0 | P39: STA | Q39: =+D4 -> 53500 | R39: INTER MACHINE
P40: STA | Q40: =+D5 -> 57600.56
P41: STA | Q41: 34208.045
B47: =SUM(B38:B39) -> 0 | D47: =SUM(D38:D41) -> 0 | G47: =SUM(G38:G42) -> 0 | I47: =SUM(I38:I44) -> 0 | L47: =SUM(L38:L40) -> 0 | N47: =SUM(N38:N40) -> 0 | Q47: =SUM(Q38:Q42) -> 145308.6 | S47: =SUM(S38:S44) -> 156386.7

Sheet Feuil7
A1: 54836.698
A2: 11456.674
A3: 61783.522
A4: 43705.305

Sheet Feuil8
A1: SOLDE CHTOUROU 31/12/2017 | C1: 117101.84 | D1: 2 FACT
A3: 43348 | B3: QUANTITE | C3: TOTAL FACTURATION
A4: ACHAT PLAQUES 2018 | B4: 1342018 | C4: 2623597.5
A5: ACHAT ETAIN 2018 | B5: 531 | C5: 20221.08
A6: ACHAT VIEUX PLOMB 2018 | B6: 8502 | C6: 44518.872
A7: TOTAL 2018 | C7: =SUM(C4:C6) -> 2688337.4
A9: PAIEMENT RECU au 31/08/2018 | C9: 2406903
A10: RS 2018 | C10: 6311.642
A11: TRAITE ECH 05/09/2018 | C11: 84319.24
A12: TRAITE ECH 25/09/2018 | C12: 78816.68
A13: TOTAL | C13: =SUM(C9:C12) -> 2576350.6
A15: RESTE A PAYER | C15: =+C1+C7-C13 -> 229088.7
